 Dungeon Crawl Stone Soup version 0.30-a0-540-g0af01429fa (webtiles) character file.

Game seed: 7699036471481758003

3236327 MackTheKnife the Tengu Blade (level 26, 174/174 HPs)
             Began as a Tengu Chaos Knight on Dec 25, 2022.
             Was a High Priest of Jiyva.
             Escaped with the Orb
             ... and 4 runes!
             The game lasted 01:45:58 (41486 turns).

MackTheKnife the Tengu Blade (Tengu Chaos Knight)  Turns: 41486, Time: 01:45:59

Health: 174/174    AC: 39    Str: 23    XL:     26   Next: 11%
Magic:  24/24      EV: 34    Int: 20    God:    Jiyva [*****.]
Gold:   769        SH: 18    Dex: 27    Spells: 25/25 levels left

rFire   + + +      SeeInvis .    X - +7 double sword of Baleful Expedience {freeze, rC+ Str+2, longrare=g}
rCold   + + .      Faith    .    M - +2 kite shield {AC+3}
rNeg    + . .      Spirit   +    a - +8 storm dragon scales of the Equator {+Inv rElec Regen+ Int+2, rare}
rPois   +          Reflect  .    G - -2 hat of the Alchemist {rElec rPois rF+ rC+ rN+ Will+ rMut rCorr}
rElec   +          Harm     .    O - +1 cloak
rCorr   +          Rampage  .    Q - +3 pair of gloves of Polish {Dex+2}
rMut    +                        (boots unavailable)
Will    +++..                    k - amulet "Awome" {Spirit Regen+ Stlth+}
Stlth   ++                       p - ring "Nuklit" {rElec rC+ Str+4 Int+8 Slay+4}
HPRegen 3.53/turn                b - ring "Fuvialu" {Fire rElec Will+ Int-5 Dex+4}
MPRegen 0.64/turn

@: flying quickly and evasively, studying 4 skills, quick
A: beak, talons 3, nimble flight, iridescent scales 3, fire resistance 1, sense
surroundings 2, strong 1, eyeballs 1, gelatinous body 2, pseudopods 1,
translucent skin 3, jelly sensing items, devolution 2
0: Orb of Zot
}: 4/15 runes: serpentine, barnacled, slimy, silver
a: Renounce Religion, Evoke Invisibility, Oozemancy, Slimify


You escaped.
You worshipped Jiyva.
Jiyva was extremely pleased with you.
You visited 10 branches of the dungeon, and saw 50 of its levels.
You also visited: Trove, Ossuary, Ice Cave, Wizlab and Desolation.

You collected 4983 gold pieces.
You spent 4214 gold pieces at shops.


Innate Abilities, Weirdness & Mutations

You have a beak for a mouth.
You have claws for feet.
Your magical nature lets you fly swiftly and evasively.
You are completely covered in iridescent scales. (AC +6)
Your flesh is heat resistant. (rF+)
You passively map the area around you.
Your muscles are strong. (Str +4, Int/Dex -1)
Your body has grown eyes which may confuse attackers. (Acc +3)
Your pliable body absorbs attacks. (AC +2, EV +2)
Armour fits poorly on your pseudopods.
Your transparent skin significantly reduces your foes' accuracy. (Stealth+)
You have a small jelly attached to you that senses nearby items.
You have terrible hidden genetic defects.


   Skills:
 - Level 20.0 Fighting
 + Level 25.4 Long Blades
 - Level 20.2 Armour
 - Level 23.4 Dodging
 - Level 12.6 Stealth
 - Level 16.5 Shields
 - Level 9.9 Evocations


You had 25 spell levels left.
You didn't know any spells.
Your spell library contained the following spells:

 Spells                   Type           Power      Damage    Failure   Level
 Beastly Appendage        Tmut           0%         N/A       71%         1
 Kiss of Death            Conj/Necr      0%         2d5       71%         1
 Magic Dart               Conj           0%         1d3       71%         1
 Necrotise                Necr           0%         1d4       71%         1
 Sandblast                Erth           0%         2d4       71%         1
 Shock                    Conj/Air       0%         1d3       71%         1
 Slow                     Hex            0%         N/A       71%         1
 Summon Small Mammal      Summ           0%         N/A       71%         1
 Blink                    Tloc           0%         N/A       85%         2
 Cigotuvi's Dreadful Rot  Necr/Pois/Air  0%         N/A       85%         2
 Ensorcelled Hibernation  Hex/Ice        0%         N/A       85%         2
 Momentum Strike          Conj/Tloc      0%         3d8       85%         2
 Passwall                 Tmut/Erth      0%         N/A       85%         2
 Searing Ray              Conj           0%         2d4       85%         2
 Static Discharge         Conj/Air       0%         2-2/arc   85%         2
 Wereblood                Tmut           0%         N/A       85%         2
 Call Canine Familiar     Summ           0%         N/A       97%         3
 Confusing Touch          Hex            0%         N/A       97%         3
 Dazzling Flash           Conj/Hex       0%         N/A       97%         3
 Hailstorm                Conj/Ice       0%         3d3       97%         3
 Ignite Poison            Fire/Tmut/Pois 0%         N/A       97%         3
 Inner Flame              Hex/Fire       0%         N/A       97%         3
 Kindle Blastsparks       Fire/Tloc/Air  0%         2d10      97%         3
 Lesser Beckoning         Tloc           0%         N/A       97%         3
 Ozocubu's Armour         Ice            0%         N/A       97%         3
 Portal Projectile        Hex/Tloc       0%         N/A       97%         3
 Spider Form              Tmut/Pois      0%         N/A       97%         3
 Summon Guardian Golem    Hex/Summ       0%         N/A       97%         3
 Swiftness                Air            0%         N/A       97%         3
 Tukima's Dance           Hex            0%         N/A       97%         3
 Vhi's Electric Charge    Tloc/Air       0%         N/A       97%         3
 Airstrike                Air            0%         2d(0-16)  100%        4
 Animate Armour           Summ/Erth      0%         N/A       100%        4
 Animate Dead             Necr           0%         N/A       100%        4
 Cause Fear               Hex            0%         N/A       100%        4
 Dispel Undead            Necr           0%         3d6       100%        4
 Fulminant Prism          Conj/Hex       0%         3d5       100%        4
 Ice Form                 Ice/Tmut       0%         N/A       100%        4
 Iskenderun's Mystic Bla  Conj/Tloc      0%         2d3       100%        4
 Manifold Assault         Tloc           0%         N/A       100%        4
 Petrify                  Tmut/Erth      0%         N/A       100%        4
 Agony                    Necr           0%         N/A       100%        5
 Arcjolt                  Conj/Air       0%         1d10      100%        5
 Blade Hands              Tmut           0%         N/A       100%        5
 Freezing Cloud           Conj/Ice/Air   0%         6-21      100%        5
 Lee's Rapid Deconstruct  Erth           0%         3d4*      100%        5
 Lightning Bolt           Conj/Air       0%         1d11      100%        5
 Metabolic Englaciation   Hex/Ice        0%         N/A       100%        5
 Silence                  Hex/Air        0%         N/A       100%        5
 Summon Forest            Summ/Tloc      0%         N/A       100%        5
 Summon Mana Viper        Hex/Summ       0%         N/A       100%        5
 Conjure Ball Lightning   Conj/Air       0%         3x3d6     100%        6
 Death Channel            Necr           0%         N/A       100%        6
 Dispersal                Tloc           0%         N/A       100%        6
 Iron Shot                Conj/Erth      0%         9d1       100%        6
 Simulacrum               Ice/Necr       0%         N/A       100%        6
 Statue Form              Tmut/Erth      0%         N/A       100%        6
 Summon Cactus Giant      Summ           0%         N/A       100%        6
 Dragon Form              Tmut           0%         N/A       100%        7
 Haunt                    Necr/Summ      0%         N/A       100%        7
 Malign Gateway           Summ/Tloc      0%         N/A       100%        7
 Ozocubu's Refrigeration  Ice            0%         4d7       100%        7
 Storm Form               Tmut/Air       0%         N/A       100%        7
 Borgnjor's Revivificati  Necr           0%         N/A       100%        8
 Discord                  Hex            0%         N/A       100%        8
 Disjunction              Tloc           0%         N/A       100%        8
 Infestation              Necr           0%         N/A       100%        8
 Necromutation            Tmut/Necr      0%         N/A       100%        8
 Death's Door             Necr           0%         N/A       100%        9
 Dragon's Call            Summ           0%         N/A       100%        9

Inventory:

Hand Weapons
 I - the +5 sword of Power {vorpal}
   (You found it in a treasure trove)

   It inflicts extra damage upon your enemies.
   It occasionally discharges a powerful but inaccurate bolt of energy upon
   striking a foe, with increased chance the greater the wielder's current
   health.
 L - a +3 triple sword of pain {longrare=g}
   (You found it in a treasure trove)
 N - the +8 demon blade "Leech" {vamp, Harm Drain rN+, long}
   (You took it off an ironbound preserver on level 4 of the Vaults)

   It heals its wielder for a portion of the damage dealt every time it strikes
   a living foe.
   rN:        It protects you from negative energy.
   Drain:     It drains your maximum health when unequipped.
   Harm:      It increases damage dealt and taken.
 X - the +7 double sword of Baleful Expedience (weapon) {freeze, rC+ Str+2, longrare=g}
   (You found it in a treasure trove)

   It freezes those it strikes, dealing additional cold damage.
   It can also slow down cold-blooded creatures.
   Str:       It affects your strength (+2).
   rC:        It protects you from cold.
 Z - the +9 sword of Zonguldrok {reap}
   (You found it on level 13 of the Dungeon)

   Any living foe damaged by it may be reanimated upon death as a zombie
   friendly to the wielder, with an increasing chance as more damage is dealt.
Armour
 a - the +8 storm dragon scales of the Equator (worn) {+Inv rElec Regen+ Int+2, rare}
   (You bought it in a shop on level 1 of the Orcish Mines)

   Int:       It affects your intelligence (+2).
   rElec:     It insulates you from electricity.
   +Inv:      It lets you turn invisible.
   Regen:     It increases your rate of health regeneration.
 G - the -2 hat of the Alchemist (worn) {rElec rPois rF+ rC+ rN+ Will+ rMut rCorr}
   (You found it on level 5 of the Pits of Slime)

   rF:        It protects you from fire.
   rC:        It protects you from cold.
   rElec:     It insulates you from electricity.
   rPois:     It protects you from poison.
   rN:        It protects you from negative energy.
   rCorr:     It protects you from acid and corrosion.
   rMut:      It protects you from mutation.
   Will:      It increases your willpower.
 M - a +2 kite shield of protection (worn)
   (You took it off a naga warrior on level 4 of the Snake Pit)
 O - a +1 cloak (worn)
   (You took it off a draconian scorcher on level 4 of the Depths)
 Q - the +3 pair of gloves of Polish (worn) {Dex+2}
   (You bought it in a shop on level 2 of the Orcish Mines)

   Dex:       It affects your dexterity (+2).
 U - a +1 kite shield of cold resistance
   (You took it off a naga warrior on level 1 of the Snake Pit)
Jewellery
 b - the ring "Fuvialu" (right hand) {Fire rElec Will+ Int-5 Dex+4}
   (You found it in a wizard's laboratory)

   [ring of fire]

   It enhances your fire magic.
   Int:       It affects your intelligence (-5).
   Dex:       It affects your dexterity (+4).
   rF:        It protects you from fire.
   rC:        It makes you vulnerable to cold.
   rElec:     It insulates you from electricity.
   Will:      It increases your willpower.
 k - the amulet "Awome" (around neck) {Spirit Regen+ Stlth+}
   (You found it in a wizard's laboratory)

   [amulet of guardian spirit]

   It causes incoming damage to be divided between your reserves of health and
   magic.
   Regen:     It increases your rate of health regeneration.
   Stlth:     It makes you more stealthy.
 p - the ring "Nuklit" (left hand) {rElec rC+ Str+4 Int+8 Slay+4}
   (You bought it in a shop on level 15 of the Dungeon)

   [ring of slaying]

   Str:       It affects your strength (+4).
   Int:       It affects your intelligence (+8).
   Slay:      It affects your accuracy & damage with ranged weapons and melee
   (+4).
   rC:        It protects you from cold.
   rElec:     It insulates you from electricity.
 q - the ring "Asoguica" {rF++ AC+4 Int-3 Dex+4 Stlth+}
   (You acquired it on level 2 of the Shoals)

   [ring of protection]

   AC:        It affects your AC (+4).
   Int:       It affects your intelligence (-3).
   Dex:       It affects your dexterity (+4).
   rF:        It greatly protects you from fire.
   Stlth:     It makes you more stealthy.
 w - the dreamshard necklace {*Dream Drain}
   (You found it on level 1 of the Snake Pit)

   [amulet of nothing]

   It shatters if its wearer takes lethal or near-lethal damage, preventing the
   blow and releasing protective dreams that heal and fight for the wearer.
   Drain:     It drains your maximum health when unequipped.
 C - a ring of see invisible
   (You found it on level 3 of the Dungeon)
Wands
 x - a wand of flame (56)
   (You took it off a goblin on level 3 of the Dungeon)
 E - a wand of charming (28)
   (You took it off an orc on level 7 of the Dungeon)
 F - a wand of mindburst (53)
   (You found it on level 4 of the Dungeon)
 H - a wand of light (24)
   (You found it on level 5 of the Lair of Beasts)
 K - a wand of iceblast (40)
   (You found it on level 4 of the Lair of Beasts)
Scrolls
 e - 8 scrolls of immolation {!r!r}
 h - 10 scrolls of teleportation {@r4}
 l - 7 scrolls of silence {!r}
 m - a scroll of fog
 o - 2 scrolls of enchant armour
 r - 4 scrolls of enchant weapon
 s - 4 scrolls of fear
 t - a scroll of summoning
 B - 2 scrolls of blinking {!r}
 R - 6 scrolls of poison {!r}
 T - 15 scrolls of identify {@r1}
Potions
 d - 2 potions of berserk rage {!q}
 f - 8 potions of cancellation
 g - a potion of invisibility
 i - 4 potions of heal wounds {@q2}
 j - 10 potions of curing {@q1}
 u - 6 potions of magic
 v - 2 potions of attraction {!q}
 y - 5 potions of haste {@q3}
 z - 6 potions of brilliance
 A - 4 potions of mutation {!q}
 D - 6 potions of resistance
 P - 4 potions of lignification {!q}
 S - 2 potions of might
 W - a potion of ambrosia
Miscellaneous
 c - a piece from Xom's chessboard (15/15) (quivered)
 J - a condenser vane
   (You found it on level 3 of the Snake Pit)
 V - a phantom mirror (inert)
   (You found it on level 5 of the Vaults)
 Y - a phial of floods
   (You found it on level 5 of the Vaults)

Dungeon Overview and Level Annotations

Branches:
Dungeon (15/15)            Temple (0/1) D:6            Lair (5/5) D:8
 Shoals (4/4) Lair:3        Snake (4/4) Lair:3        Slime (5/5) Lair:5
    Orc (2/2) D:11            Elf (1/3) Orc:2        Vaults (5/5) D:13
  Crypt (0/3) Vaults:2     Depths (4/4) D:15            Zot (5/5) Depths:4
Ossuary (visited)           IceCv (visited)          WizLab (visited)
Desolation (visited)

Altars:
Elyvilon
Fedhas
Gozag
Kikubaaqudgha
Makhleb
Qazlal
Ru
Trog
Uskayaw
Vehumet
Wu Jian
Zin
The Shining One
Jiyva

Shops:
D:2 (   D:10 !   D:13 =   D:15 =   Orc:1 [   Orc:2 (*:[=   Snake:1 =
Snake:2 [(*   Depths:2 *   Depths:3 ?

Portals:
Hell: Depths:1 Depths:2 Depths:3 Depths:4
Abyss: Depths:3
Pandemonium: Depths:2 Depths:4
Ziggurat: Depths:4

Annotations:
D:3 3 runed translucent doors, TheNamelessOne's ghost, amateur GrFi
Lair:5 exclusions: door and upstairs
Shoals:2 exclusion: downstairs
Snake:2 3 runed translucent doors, Caluu's ghost, journeyman MiBe; Kicir's ghost, adept GnFi
Snake:4 6 transporters
Slime:5 Royal Jelly
Vaults:1 2 transporters, Uquewn Suowu's ghost, veteran GnWr
Vaults:2 6 runed translucent doors
Depths:1 4 transporters
Zot:1 1 runed translucent door

.##...........)..# #..........
........#........## #..........
......#.#.##'###..# #......####
....#........####.## #......#
....#.########.....## #......#
....#.########.8....###......#
...>#....##§§≈.......##......####
....#.##.##§§≈≈.......#......##..
....'....##§≈≈≈.@8..8.'......##.#
....#.#####≈§≈≈.......#......##.#
....#.# #≈≈§.......##......##.#
....#.## ####§8....#####'#####.#
##.....# #.....##.....#####.#
##....## ####.######..##....#
...##.# #..#####..##.#... ##....#
#.............).. ...##.#
#.###.#.#..#.÷...


There were no monsters in sight!


Message History

Press: ? - help, v - describe, . - travel
Here: Unoeq The floor.
There is a stone staircase leading up here.
You fly upwards.
Level annotation: 3 runed translucent doors, TheNamelessOne's ghost, amateur GrFi
There is a stone staircase leading down here.
There is a stone staircase leading up here.
You fly upwards.
There is a stone staircase leading down here.
Unknown command.
Done exploring.
Done exploring.
Done exploring.
A cacodemon and a sixfirhy come into view.
You miss the sixfirhy. You claw the sixfirhy. You peck the sixfirhy.
You bludgeon the sixfirhy. You slice the sixfirhy!! You freeze the sixfirhy.
Your kick misses the sixfirhy.
You bludgeon the sixfirhy, but do no damage.
A sixfirhy comes into view.
You block the sixfirhy's attack. x2; The sixfirhy completely misses you.
You slash the sixfirhy! You freeze the sixfirhy.
You kill the sixfirhy!
You block the sixfirhy's attack.
The eyeballs on your body gaze at the sixfirhy.
You block the sixfirhy's attack. The cacodemon gestures next to you.
Some rock shatters into small pieces.
You closely miss the sixfirhy. You claw the sixfirhy. You peck the sixfirhy!
You bludgeon the sixfirhy. You closely miss the sixfirhy.
You claw the sixfirhy!
You catch the helpless sixfirhy completely off-guard!
You cut the sixfirhy into ribbons!!! You freeze the sixfirhy.
You kill the sixfirhy!
You block the cacodemon's attack. The cacodemon barely misses you.
You chop the cacodemon into pieces!!! You freeze the cacodemon!
Your kick misses the cacodemon. You hit the cacodemon.
You freeze the cacodemon.
You claw the cacodemon, but do no damage.
You peck the cacodemon, but do no damage.
You block the cacodemon's attack.
The cacodemon hits you but does no damage.
You slice the cacodemon!! You freeze the cacodemon. You claw the cacodemon.
You peck the cacodemon, but do no damage.
You bludgeon the cacodemon, but do no damage.
You completely miss the cacodemon. You claw the cacodemon.
You kill the cacodemon!
No target in view!
Your extra speed is starting to run out.
A shadow demon comes into view.
You slash the shadow demon! You claw the shadow demon.
You peck the shadow demon. You bludgeon the shadow demon.
You chop the shadow demon into pieces!!!
You kill the shadow demon!
No target in view!
No target in view!
You feel yourself slow down.
You swap places.
You hear a distant slurping noise.
You swap places.
You swap places.
A hellion comes into view.
The jelly barely misses something.
A reaper comes into view. It is wielding a +2 scythe of venom.
The hellion gives a hideous shriek!
You block the hellion's attack.
You slash the hellion! You freeze the hellion. You claw the hellion!
You peck the hellion. The hellion completely misses you.
You slice the hellion!! You freeze the hellion.
You kill the hellion!
There is a stone staircase leading up here.
You fly upwards.
There is a stone staircase leading down here.
(D) Dungeon (T) Temple (L) Lair (A) Shoals (P) Snake Pit (M) Slime Pits (O) Orcish Mines (E) Elven Halls (V) Vaults (C) Crypt (U) Depths (H) Hell (Z) Zot
Where to? (Enter - D:2 @ (x,y), ? - help)
Okay, then.
You see here a +0 club {mace}.
An Orb Guardian comes into view.
You slice the Orb Guardian!! You freeze the Orb Guardian!
You claw the Orb Guardian, but do no damage.
Your peck misses the Orb Guardian.
You bludgeon the Orb Guardian, but do no damage.
The Orb Guardian completely misses you.
You slice the Orb Guardian!! You freeze the Orb Guardian.
You claw the Orb Guardian. You peck the Orb Guardian.
You bludgeon the Orb Guardian, but do no damage.
You block the Orb Guardian's attack.
You slice the Orb Guardian!! You freeze the Orb Guardian.
You kill the Orb Guardian!
(D) Dungeon (T) Temple (L) Lair (A) Shoals (P) Snake Pit (M) Slime Pits (O) Orcish Mines (E) Elven Halls (V) Vaults (C) Crypt (U) Depths (H) Hell (Z) Zot
Where to? (Enter - D:1 @ (x,y), ? - help)
There is a staircase leading out of the dungeon here.
You have escaped!

Skill      XL: |  1  2  3  4  5  6  7  8  9 10 11 12 13 14 15 16 17 18 19 20 21 22 23 24 25 |
---------------+----------------------------------------------------------------------------+-----
Long Blades    | 4 5 6 7 9 11 14 15 17 19 21 25 | 25.4
Dodging        | 2 3 4 5 7 10 12 15 17 21 23 | 23.4
Fighting       | 4 5 9 11 13 14 16 18 20 | 20.0
Shields        | 5 12 16 | 16.5
Stealth        | 7 10 12 | 12.6
Evocations     | 6 9 |  9.9
Armour         | 7 11 14 17 20 | 20.2

Action                   |  1- 3 |  4- 6 |  7- 9 | 10-12 | 13-15 | 16-18 | 19-21 | 22-24 | 25-27 || total
-------------------------+-------+-------+-------+-------+-------+-------+-------+-------+-------++-------
Melee: Falchion          |    87 |   141 |    72 |       |       |       |       |       |       ||   300
       Peck              |    13 |    21 |    41 |    97 |   220 |   317 |   440 |   546 |   149 ||  1844
       Kick              |    15 |    31 |    72 |   188 |   348 |   475 |   660 |   787 |   206 ||  2782
       Punch             |     1 |       |     1 |       |       |       |       |       |       ||     2
       Long sword        |       |       |   144 |   497 |   749 |       |       |       |       ||  1390
       Pseudopods        |       |       |       |    13 |   192 |   206 |   290 |   522 |   125 ||  1348
       Double sword      |       |       |       |       |   152 |  1061 |  1259 |  1418 |   377 ||  4267
       Demon blade       |       |       |       |       |       |     4 |       |       |       ||     4
Invok: Oozemancy         |       |       |       |     4 |     8 |     4 |     4 |     9 |     2 ||    31
       Slimify           |       |       |       |       |     1 |     3 |       |       |     1 ||     5
Evoke: Wand              |       |       |     1 |    18 |    18 |     2 |       |       |       ||    39
       Piece from Xom's  |       |       |       |     3 |     8 |       |       |       |       ||    11
       Condenser vane    |       |       |       |       |       |     3 |     6 |     4 |     2 ||    15
       Phantom mirror    |       |       |       |       |       |       |       |     2 |     2 ||     4
  Use: Potion            |       |     2 |       |       |       |     1 |       |     3 |    15 ||    21
       Scroll            |       |       |    17 |     4 |     3 |     7 |     2 |     9 |     2 ||    44
 Stab: Sleeping          |     3 |       |     2 |       |    17 |     6 |    14 |    27 |     1 ||    70
       Distracted        |       |     1 |       |       |     2 |    14 |    10 |    10 |     2 ||    39
       Paralysed         |       |       |     1 |       |       |       |       |       |       ||     1
       Invisible         |       |       |       |       |     1 |       |       |       |       ||     1
       Betrayed ally     |       |       |       |       |     1 |       |       |       |       ||     1
       Confused          |       |       |       |       |    15 |    61 |    21 |    11 |     1 ||   109
Armor: Leather armour    |    33 |    26 |    46 |    69 |    45 |       |       |       |       ||   219
       Ring mail         |       |     1 |       |       |       |       |       |       |       ||     1
       Storm dragon scal |       |       |       |       |    52 |   394 |   382 |   316 |    66 ||  1210
Dodge: Dodged            |    42 |   103 |   158 |   390 |   803 |   601 |   815 |   923 |   251 ||  4086
Block: Buckler           |       |       |    31 |   146 |   377 |   278 |       |       |       ||   832
       Kite shield       |       |       |       |       |       |   240 |  1125 |  1160 |   187 ||  2712

Levels and vault maps discovered:
D:1:      grunt_arrival_lava_bath, layout_basic
D:2:      layout_basic, nicolae_ecumenical_snake_handling, serial_shops,
          shop_coins, minivault_19, uniq_robin, uniq_jessica, uniq_natasha
D:3:      kennysheep_goblin_castle, layout_loops_ring, vehumet_altar_wand_db,
          ebering_ghost_gozag, grunt_ministairs_9, st_stairs_1, nrook_campfire
D:4:      layout_gridville
D:5:      layout_basic, nicolae_uskayaw_dance_hall,
          mainiacjoe_overflow_six_doors_small
D:6:      layout_cave_pools, grunt_temple_overflow_diamond,
          minmay_temple_entry_overgrown
D:7:      layout_loops_corners, zin_academy, nicolae_ossuary_entry_plus
D:8:      layout_basic, david_lair_shrubbed
D:9:      layout_small_grid, tgw_kikubaaqudgha, uniq_psyche
D:10:     layout_cave_pools, serial_shops, shop
D:11:     layout_stronghold, orc_0_dummy, maelrawn_ghost_gauntlet_escape
D:12:     layout_long_grid, nicolae_trove_entry_crossroad
D:13:     layout_grid_maze, erik_vaults_2, serial_shops, shop_fountains,
          minmay_guarded_unrand_zonguldrok, uniq_josephine
D:14:     layout_cave_pools, serial_bayou_pond_c, serial_ice, serial_ice_a,
          serial_ice_k, serial_ice_n, serial_ice_d,
          portal_ice_cave_entry_pillars_2
D:15:     hangedman_depths_entry_civil_slaughter, layout_cave_pods,
          serial_shops, nicolae_lakefront_shop, serial_park_tiny_1, uniq_jorgrun
Lair:1:   layout_regular_city, roderic_batcave, infiniplex_staircase_pool,
          grunt_megastairs_2
Lair:2:   layout_cave_pods, chequers_serial_rivers_micro_c,
          cheibrodos_lair_lostbears
Lair:3:   layout_cave_pods, elwin_shoals_entry_rocks,
          minmay_snake_entry_guardpost_small, uniq_rupert, uniq_kirke
Lair:4:   nzn_winding_woodlands_small
          [nzn_winding_woodlands_5x15_river_crossing,
          nzn_winding_woodlands_center_garden,
          nzn_winding_woodlands_5x15_pathside_ponds], layout_long_grid
Lair:5:   minmay_lair_end_enchanted_forest, layout_cellular_growth,
          slime_entry_2, serial_bayou, serial_bayou_pond_c,
          serial_bayou_shore_b, serial_bayou_lagoon_a, serial_bayou_lake_a,
          minmay_shattered_shrine
Shoals:1: layout_shoals, nicolae_shoals_pincushion_passage
Shoals:2: layout_shoals, lemuel_centaur_altar
Shoals:3: layout_shoals, nicolae_shoals_cliffside_cave,
          nicolae_shoals_lost_giant_pillars, uniq_polyphemus, uniq_nikola,
          uniq_ilsuiw
Shoals:4: shoals_end_grunt_ice, layout_shoals, shoals_ilsuiw_alternative,
          shoals_oasis
Snake:1:  gammafunk_sealed_library, layout_misc_corridors, serial_shops,
          nicolae_shop_advertising_works [nicolae_subvault_shop_adworks],
          hangedman_snake_corridor_cut
Snake:2:  layout_onion, gammafunk_ghost_cemetery, serial_shops, shop,
          st_stairs_14, minmay_shoptagon, grunt_megastairs_5,
          serial_bayou_shore_b, serial_bayou_shore_b
Snake:3:  layout_basic, nicolae_snake_naga_rites
Snake:4:  johnstein_snake_rune_scales, layout_cave_town, serial_nicolae_subway,
          nicolae_sub_station_metal, nicolae_sub_station_crystal,
          nicolae_sub_station_stone
Slime:1:  layout_caves, special_room [special_room_jelly]
Slime:2:  layout_caves, cheibrodos_slime_lost_civilization_5
Slime:3:  cheibrodos_slime_lost_civilization_10, layout_caves
Slime:4:  layout_caves
Slime:5
Orc:1:    layout_diamond_mine, serial_shops, shop, special_room
          [special_room_orc], elves_outpost_lemuel, uniq_sonja
Orc:2:    st_orc_rangers, layout_caves, serial_shops, nicolae_shop_behind_doors
Elf:1:    eino_elf_arrival_the_gate, layout_gridlike, mu_enter_wizlab_7,
          minivault_28, grunt_megastairs_3
Vaults:1: gammafunk_ghost_wrathful_warriors, hangedman_vaults_trim,
          nicolae_vaults_yaktaur_gun_rack, vaults_dpeg_encased_lava,
          v_pattern_1, vaults_dpeg_spiral, nicolae_vaults_mini_display_case,
          hangedman_vaults_stagger, vaults_dpeg_emergency_exit,
          layout_vaults_maze_snakey
Vaults:2: advil_vaults_ghost_lines, ontoclasm_vaults_twist,
          minmay_crypt_entry_simple_sparse, ontoclasm_vaults_hangar,
          nicolae_vaults_rhombus_5, nicolae_vaults_circle_grid_a,
          vaults_mumra_minichess_inversion, nicolae_vaults_sealed_display,
          v_misc_24, vaults_room_corners, vaults_mumra_hex,
          layout_vaults_omnigrid, uniq_xtahua, uniq_jory
Vaults:3: portal_desolation_entry_holy_temple, ontoclasm_vaults_hangar,
          ontoclasm_vaults_ring_small, vaults_standard_mumra_enter_the_diamond,
          vaults_standard_mumra_enter_the_diamond, hangedman_vaults_river_flow,
          st_lines, vaults_dpeg_ring, hangedman_vaults_locks,
          nicolae_vaults_big_ls, grunt_vaults_twisty,
          nicolae_vaults_diagonal_hallway_6, layout_vaults_big_room
Vaults:4: st_greater_box_1, v_alt_pattern_1, nicolae_vaults_ninety_degrees,
          nicolae_vaults_windows_and_doors_thing, v_rooms_2,
          vaults_room_door_ring, v_misc_10, vaults_standard_mumra_lines,
          vaults_dpeg_diagonal, vaults_mumra_minichess,
          ontoclasm_vaults_ring_square, layout_vaults_omnibox
Vaults:5
Depths:1: layout_honeycomb, grunt_metal_band, wad_floor_pattern_untrapped,
          drop_trap, kennysheep_donut, kennysheep_another_room,
          nicolae_transporter_intersection, uniq_bai_suzhen
Depths:2: evilmike_wizard_prison, layout_gridville, pan_entry, hell_entry,
          nicolae_good_shop, minmay_staircase_statues
Depths:3: emtedronai_trogs_sanctum, layout_cave_pools, nicolae_ru_path_of_blood,
          pf_hell_entry_great_geh, serial_shops, nicolae_take_the_stairs,
          abyss_entry, nicolae_tso_swordbearing_angel
Depths:4: grunt_zot_entry_alcove, layout_gridlike, enter_ziggurat_c,
          minmay_misc_feat_encased, hangedman_tar_grid_catacomb, pan_entry
Zot:1:    layout_cathedral_of_symmetry, hellmonk_ghost_big_iron, uniq_josephina
Zot:2:    circus_mu, layout_basic, lemuel_elevator
Zot:3:    kennysheep_blocky_hall, layout_twisted_circle, uniq_tiamat,
          uniq_parghit
Zot:4:    layout_cellular_growth, grunt_ministairs_9, guppyfry_library_mini
Zot:5:    layout_basic, skrybe_zot_glass_1

Notes
Turn   | Place    | Note
-------+----------+-------------------------------------------
     0 | D:1      | MackTheKnife the Tengu Chaos Knight began the quest for the
                  | Orb.
     0 | D:1      | Reached XP level 1. HP: 14/14 MP: 2/2
     0 | D:1      | magus.rc [v1.9.6]
     0 | D:1      | magus.rc [v1.9.6]
    53 | D:1      | You add the spells Ozocubu's Armour and Ozocubu's
                  | Refrigeration to your library.
    72 | D:1      | Reached XP level 2. HP: 19/19 MP: 3/3
   105 | D:1      | Reached skill level 4 in Long Blades
   212 | D:1      | Reached XP level 3. HP: 23/23 MP: 4/4
   363 | D:1      | XOM: divination: detect items
   606 | D:2      | XOM: divination: detect items
   633 | D:2      | Found Juol Wua's Weapon Shop.
   684 | D:2      | Reached skill level 5 in Long Blades
   706 | D:2      | magus.rc [v1.9.6]
   732 | D:2      | Noticed Robin
   749 | D:2      | Killed Robin
   750 | D:2      | Reached XP level 4. HP: 20/28 MP: 5/5
   864 | D:2      | XOM: noise
   943 | D:2      | Noticed Natasha
   951 | D:2      | Killed Natasha
   952 | D:2      | Reached skill level 2 in Dodging
  1030 | D:2      | Found a faded altar of an unknown god.
  1034 | D:2      | Noticed Jessica
  1039 | D:2      | Gained mutation: Your magical nature lets you fly swiftly
                  | and evasively. [Tengu growth]
  1039 | D:2      | Reached XP level 5. HP: 32/32 MP: 6/6
  1041 | D:2      | Killed Jessica
  1043 | D:2      | Prayed at the altar of an unknown god.
  1043 | D:2      | Fell from the grace of Xom
  1043 | D:2      | Became a worshipper of Jiyva Jashris the Shapeless
  1043 | D:2      | Reached * piety under Jiyva
  1454 | D:2      | Reached ** piety under Jiyva
  1551 | D:2      | Noticed Natasha
  1558 | D:2      | Killed Natasha
  1559 | D:2      | Reached skill level 6 in Long Blades
  1559 | D:2      | Reached skill level 3 in Dodging
  1590 | D:2      | Killed Natasha
  1683 | D:3      | Reached XP level 6. HP: 34/37 MP: 7/7
  1757 | D:3      | Found a radiant altar of Vehumet.
  1801 | D:3      | Found a runed translucent gate.
  1802 | D:3      | Found a runed translucent gate.
  1802 | D:3      | Found a runed translucent gate.
  1802 | D:3      | Found an opulent altar of Gozag.
  1804 | D:3      | Noticed an ice beast
  1805 | D:3      | Noticed TheNamelessOne's ghost (amateur GrFi)
  1898 | D:3      | magus.rc [v1.9.6]
  2061 | D:3      | Noticed Ijyb
  2069 | D:3      | HP: 6/37 [Ijyb/+7 club (11)]
  2070 | D:3      | HP: 1/37 [Ijyb/+7 club (6)]
  2074 | D:3      | Killed Ijyb
  2191 | D:3      | XOM: give mutations
  2191 | D:3      | Gained mutation: You occasionally lose the ability to drink
                  | potions when taking damage. [Xom's mischief]
  2191 | D:3      | Gained mutation: Your body sometimes deteriorates upon
                  | taking damage. [Xom's mischief]
  2369 | D:3      | XOM: give mutation
  2369 | D:3      | Gained mutation: You are occasionally teleported next to
                  | monsters. [Xom's mischief]
  2581 | D:4      | Reached *** piety under Jiyva
  2595 | D:4      | Lost mutation: You are occasionally teleported next to
                  | monsters. [Jiyva's grace]
  2595 | D:4      | Gained mutation: You are agile. (Dex +4, Str/Int -1)
                  | [Jiyva's grace]
  2595 | D:4      | Gained mutation: You are very agile. (Dex +8, Str/Int -2)
                  | [Jiyva's grace]
  2595 | D:4      | Gained mutation: You are partially covered in iridescent
                  | scales. (AC +2) [Jiyva's grace]
  2595 | D:4      | Gained mutation: You are mostly covered in iridescent
                  | scales. (AC +4) [Jiyva's grace]
  2664 | D:4      | Reached skill level 4 in Dodging
  2736 | D:4      | Reached XP level 7. HP: 42/42 MP: 8/8
  2849 | D:4      | Reached skill level 4 in Fighting
  2849 | D:4      | Reached skill level 7 in Long Blades
  2987 | D:5      | Entered Level 5 of the Dungeon
  2999 | D:5      | Reached skill level 5 in Dodging
  3057 | D:5      | Found a stormy altar of Qazlal.
  3338 | D:5      | Found a hide-covered altar of Uskayaw.
  3383 | D:5      | Reached **** piety under Jiyva
  3398 | D:5      | Reached XP level 8. HP: 42/48 MP: 9/9
  3417 | D:5      | Reached skill level 5 in Fighting
  3613 | D:5      | Reached skill level 6 in Dodging
  3663 | D:5      | Reached skill level 8 in Long Blades
  3892 | D:5      | XOM: noise
  3913 | D:5      | Identified the +5 long sword of the Screaming Gods {vorpal,
                  | Str+7 Int-2 Dex-2 SInv}
  4098 | D:6      | Found a staircase to the Ecumenical Temple.
  4111 | D:6      | You pick up a book of Decay and begin reading...
  4111 | D:6      | You add the spells Cigotuvi's Dreadful Rot, Dispel Undead
                  | and Death Channel to your library.
  4194 | D:6      | Reached skill level 7 in Dodging
  4249 | D:6      | Reached skill level 9 in Long Blades
  4249 | D:6      | Reached XP level 9. HP: 50/54 MP: 10/10
  4337 | D:6      | Lost mutation: You are very agile. (Dex +8, Str/Int -2)
                  | [Jiyva's grace]
  4337 | D:6      | Lost mutation: You are agile. (Dex +4, Str/Int -1) [Jiyva's
                  | grace]
  4337 | D:6      | Gained mutation: Your melee attacks may engulf your foes in
                  | ooze. [Jiyva's grace]
  4337 | D:6      | Gained mutation: Your rubbery body absorbs attacks. (AC +1,
                  | EV +1) [Jiyva's grace]
  4337 | D:6      | Gained mutation: Your pliable body absorbs attacks. (AC +2,
                  | EV +2) [Jiyva's grace]
  4337 | D:6      | Gained mutation: Your gelatinous body deflects attacks. (AC
                  | +3, EV +3) [Jiyva's grace]
  4380 | D:6      | Found a blossoming altar of Fedhas.
  4385 | D:6      | Found a burning altar of Makhleb.
  4388 | D:6      | Found an opulent altar of Gozag.
  4632 | D:7      | Reached ***** piety under Jiyva
  4672 | D:7      | Found a glowing silver altar of Zin.
  4673 | D:7      | magus.rc [v1.9.6]
  4723 | D:7      | XOM: 1-stop teleportation journey
  4728 | D:7      | Reached skill level 1 in Shields
  4803 | D:7      | You pick up a book of Touch and begin reading...
  4803 | D:7      | You add the spells Kiss of Death and Confusing Touch to
                  | your library.
  4811 | D:7      | Reached skill level 2 in Shields
  4881 | D:7      | Found a sand-covered staircase.
  4889 | Ossuary  | Entered an ossuary
  4956 | Ossuary  | Reached skill level 3 in Shields
  4975 | Ossuary  | Reached skill level 10 in Long Blades
  5031 | Ossuary  | Reached skill level 4 in Shields
  5314 | D:7      | Reached skill level 5 in Shields
  5376 | D:7      | XOM: give mutations
  5376 | D:7      | Gained mutation: Armour fits poorly on your strangely
                  | shaped body. [Xom's mischief]
  5376 | D:7      | Gained mutation: You are completely covered in iridescent
                  | scales. (AC +6) [Xom's mischief]
  5376 | D:7      | Lost mutation: Your body sometimes deteriorates upon taking
                  | damage. [Xom's mischief]
  5376 | D:7      | Lost mutation: You occasionally lose the ability to drink
                  | potions when taking damage. [Xom's mischief]
  5526 | D:7      | magus.rc [v1.9.6]
  5531 | D:7      | Reached skill level 11 in Long Blades
  5531 | D:7      | Reached XP level 10. HP: 59/59 MP: 9/11
  5662 | D:7      | XOM: summons 3 hostile shadow creatures
  5737 | D:8      | Noticed a two-headed ogre
  5744 | D:8      | Killed a two-headed ogre
  5745 | D:8      | Reached skill level 12 in Long Blades
  6104 | D:8      | Lost mutation: You are completely covered in iridescent
                  | scales. (AC +6) [Jiyva's grace]
  6104 | D:8      | Lost mutation: Your gelatinous body deflects attacks. (AC
                  | +3, EV +3) [Jiyva's grace]
  6104 | D:8      | Gained mutation: Your system is resistant to poisons.
                  | (rPois) [Jiyva's grace]
  6104 | D:8      | Gained mutation: Your flesh is cold resistant. (rC+)
                  | [Jiyva's grace]
  6104 | D:8      | Gained mutation: Your flesh is very cold resistant. (rC++)
                  | [Jiyva's grace]
  6104 | D:8      | Gained mutation: Your flesh is almost immune to the effects
                  | of cold. (rC+++) [Jiyva's grace]
  6265 | D:8      | XOM: give mutations
  6265 | D:8      | Lost mutation: Your system is resistant to poisons. (rPois)
                  | [Xom's mischief]
  6265 | D:8      | Lost mutation: Your melee attacks may engulf your foes in
                  | ooze. [Xom's mischief]
  6275 | D:8      | Noticed a white ugly thing
  6285 | D:8      | Killed a white ugly thing
  6286 | D:8      | Reached skill level 13 in Long Blades
  6297 | D:8      | Found a staircase to the Lair.
  6360 | D:8      | Reached ****** piety under Jiyva
  6555 | Lair:1   | Entered Level 1 of the Lair of Beasts
  6625 | Lair:1   | XOM: 1-stop teleportation journey
  6661 | Lair:1   | Reached skill level 14 in Long Blades
  6678 | Lair:1   | Noticed a cane toad
  6694 | Lair:1   | Killed a cane toad
  6695 | Lair:1   | Reached XP level 11. HP: 64/64 MP: 12/12
  6703 | Lair:1   | Reached skill level 6 in Fighting
  6712 | Lair:1   | XOM: 6-stop teleportation journey
  6768 | Lair:1   | XOM: summons 1 hostile shadow creature
  6800 | Lair:1   | XOM: give mutations
  6800 | Lair:1   | Gained mutation: You occasionally lose the ability to drink
                  | potions when taking damage. [Xom's mischief]
  6800 | Lair:1   | Lost mutation: Armour fits poorly on your strangely shaped
                  | body. [Xom's mischief]
  6800 | Lair:1   | Lost mutation: Your flesh is almost immune to the effects
                  | of cold. (rC+++) [Xom's mischief]
  6800 | Lair:1   | Lost mutation: You are mostly covered in iridescent scales.
                  | (AC +4) [Xom's mischief]
  6849 | Lair:1   | Reached skill level 7 in Fighting
  6881 | Lair:1   | Reached skill level 8 in Dodging
  7420 | Lair:2   | Lost mutation: You are partially covered in iridescent
                  | scales. (AC +2) [Jiyva's grace]
  7420 | Lair:2   | Gained mutation: You are robust. (+10% HP) [Jiyva's grace]
  7420 | Lair:2   | Gained mutation: You are very robust. (+20% HP) [Jiyva's
                  | grace]
  7420 | Lair:2   | Gained mutation: You are extremely robust. (+30% HP)
                  | [Jiyva's grace]
  7420 | Lair:2   | Gained mutation: Your muscles are strong. (Str +4, Int/Dex
                  | -1) [Jiyva's grace]
  7677 | Lair:2   | You pick up a book of the Wilderness and begin reading...
  7677 | Lair:2   | You add the spells Summon Forest, Summon Mana Viper and
                  | Summon Cactus Giant to your library.
  7716 | Lair:2   | Reached skill level 8 in Fighting
  7716 | Lair:2   | Reached skill level 9 in Dodging
  8355 | Lair:2   | Reached skill level 9 in Fighting
  8355 | Lair:2   | Reached skill level 10 in Dodging
  8421 | Lair:3   | Noticed Kirke
  8433 | Lair:3   | Reached XP level 12. HP: 98/98 MP: 13/13
  8439 | Lair:3   | Noticed a sphinx
  8461 | Lair:2   | XOM: summons 1 hostile shadow creature
  8462 | Lair:2   | Noticed a seven-headed hydra
  8515 | Lair:3   | Noticed Rupert
  8515 | Lair:3   | Noticed a six-headed hydra
  8566 | Lair:3   | Killed Kirke
  8633 | Lair:3   | Reached skill level 10 in Fighting
  8633 | Lair:3   | Reached skill level 11 in Dodging
  8667 | Lair:3   | XOM: give mutation
  8667 | Lair:3   | Gained mutation: You are partially covered in large bone
                  | plates. (SH +4) [Xom's mischief]
  8672 | Lair:3   | You pick up a book of Sloth and begin reading...
  8672 | Lair:3   | You add the spells Petrify, Metabolic Englaciation and
                  | Statue Form to your library.
  8924 | Lair:3   | Killed a seven-headed hydra
  8954 | Lair:3   | You are sucked into a shaft and drop 2 floors!
  8954 | Lair:5   | Entered Level 5 of the Lair of Beasts
  9026 | Lair:4   | Lost mutation: You are extremely robust. (+30% HP) [Jiyva's
                  | grace]
  9026 | Lair:4   | Lost mutation: Your muscles are strong. (Str +4, Int/Dex
                  | -1) [Jiyva's grace]
  9026 | Lair:4   | Lost mutation: Your pliable body absorbs attacks. (AC +2,
                  | EV +2) [Jiyva's grace]
  9026 | Lair:4   | Gained mutation: Armour fits poorly on your pseudopods.
                  | [Jiyva's grace]
  9026 | Lair:4   | Gained mutation: Armour fits poorly on your large
                  | pseudopods. [Jiyva's grace]
  9026 | Lair:4   | Gained mutation: Armour fits poorly on your massive
                  | pseudopods. [Jiyva's grace]
  9026 | Lair:4   | Gained mutation: You have a somewhat thin skeletal
                  | structure. (Dex +2, Stealth+) [Jiyva's grace]
  9058 | Lair:4   | Reached skill level 12 in Dodging
  9085 | Lair:4   | Noticed an eight-headed hydra
  9098 | Lair:4   | Noticed a death yak
  9098 | Lair:4   | Noticed a death yak
  9135 | Lair:5   | Reached skill level 11 in Fighting
  9144 | Lair:5   | Killed a death yak
  9363 | Lair:5   | Reached XP level 13. HP: 100/100 MP: 14/14
  9392 | Lair:5   | Reached skill level 13 in Dodging
  9497 | Lair:5   | Reached skill level 12 in Fighting
  9740 | Lair:4   | Reached skill level 14 in Dodging
  9740 | Lair:4   | HP: 23/104 [death yak (16)]
  9746 | Lair:4   | HP: 17/104 [death yak (14)]
  9873 | Lair:4   | Reached skill level 13 in Fighting
 10101 | Lair:4   | You pick up a book of Chaos and begin reading...
 10101 | Lair:4   | You add the spells Conjure Ball Lightning, Disjunction and
                  | Discord to your library.
 10537 | Lair:4   | XOM: stat loss: -3 Dex (15/18)
 10669 | Lair:3   | XOM: summons 2 hostile demons
 10691 | Lair:3   | Slimified Rupert
 10691 | Lair:3   | Rupert changed into Rupert the azure jelly
 10691 | Lair:3   | Noticed Rupert
 10739 | Lair:3   | Found a staircase to the Shoals.
 10792 | Lair:3   | Found a staircase to the Snake Pit.
 11218 | Lair:5   | XOM: enchant monster (bad)
 11227 | Lair:5   | Reached skill level 15 in Dodging
 11244 | Lair:5   | Reached XP level 14. HP: 114/114 MP: 15/15
 11404 | Lair:5   | Lost mutation: Your flesh is very cold resistant. (rC++)
                  | [Jiyva's grace]
 11404 | Lair:5   | Lost mutation: You are very robust. (+20% HP) [Jiyva's
                  | grace]
 11404 | Lair:5   | Lost mutation: Armour fits poorly on your massive
                  | pseudopods. [Jiyva's grace]
 11404 | Lair:5   | Lost mutation: You occasionally lose the ability to drink
                  | potions when taking damage. [Jiyva's grace]
 11404 | Lair:5   | Gained mutation: You are partially covered in iridescent
                  | scales. (AC +2) [Jiyva's grace]
 11404 | Lair:5   | Gained mutation: You are mostly covered in iridescent
                  | scales. (AC +4) [Jiyva's grace]
 11404 | Lair:5   | Gained mutation: You are completely covered in iridescent
                  | scales. (AC +6) [Jiyva's grace]
 11404 | Lair:5   | Gained mutation: You have hidden genetic potential.
                  | [Jiyva's grace]
 11465 | Lair:5   | Found a runed translucent door.
 11473 | Lair:5   | Found a staircase to the Slime Pits.
 11505 | Slime:1  | Entered Level 1 of the Pits of Slime
 11510 | Slime:1  | Noticed a quicksilver ooze
 11527 | Slime:1  | Noticed an azure jelly
 11534 | Slime:2  | Noticed an acid blob
 11534 | Slime:2  | Noticed a rockslime
 11567 | Slime:5  | Entered Level 5 of the Pits of Slime
 11567 | Slime:5  | Noticed an acid blob
 11567 | Slime:5  | Noticed an acid blob
 11577 | Slime:5  | Noticed an acid blob
 11582 | Slime:5  | Found a viscous altar of Jiyva.
 11583 | Slime:5  | Noticed the Royal Jelly
 11583 | Slime:5  | Found the -2 hat of the Alchemist {rElec rPois rF+ rC+ rN+
                  | Will+ rMut rCorr}
 11584 | Slime:5  | Noticed a quicksilver ooze
 11584 | Slime:5  | Noticed an acid blob
 11592 | Slime:5  | Noticed an acid blob
 11596 | Slime:5  | Noticed an acid blob
 11603 | Slime:5  | Identified the amulet of the Ego {Faith Slay+2}
 11613 | Slime:5  | Got a slimy rune of Zot
 11623 | Slime:5  | Identified the +10 trident "Oblulo" {freeze, rPois Int+2
                  | Stlth+}
 11624 | Slime:5  | Identified the +5 flail of the Asp {vorpal, rN+}
 11690 | Slime:3  | Noticed an acid blob
 11752 | Lair:5   | Reached skill level 14 in Fighting
 12072 | Lair:5   | Reached skill level 1 in Stealth
 12072 | Lair:5   | Reached skill level 1 in Evocations
 12074 | Lair:5   | Reached skill level 2 in Stealth
 12081 | Lair:5   | Reached skill level 2 in Evocations
 12130 | Lair:5   | Reached skill level 3 in Stealth
 12169 | Lair:5   | Reached skill level 3 in Evocations
 12673 | Lair:3   | XOM: summons 4 hostile demons
 12673 | Lair:3   | Was forgiven by Xom
 12794 | D:9      | Identified a +2 robe of the Archmagi
 12794 | D:9      | Noticed Psyche
 12803 | D:9      | Killed Psyche
 12808 | D:9      | Reached skill level 4 in Stealth
 12902 | D:9      | Found an ancient bone altar of Kikubaaqudgha.
 13323 | D:10     | Entered Level 10 of the Dungeon
 13334 | D:10     | Reached skill level 4 in Evocations
 13395 | D:10     | Found Nycoacig's Distillery.
 13404 | D:10     | Bought a potion of heal wounds for 65 gold pieces
 13466 | D:10     | Reached skill level 5 in Stealth
 13624 | D:10     | Lost mutation: You are completely covered in iridescent
                  | scales. (AC +6) [Jiyva's grace]
 13624 | D:10     | Lost mutation: You are mostly covered in iridescent scales.
                  | (AC +4) [Jiyva's grace]
 13624 | D:10     | Lost mutation: You are partially covered in large bone
                  | plates. (SH +4) [Jiyva's grace]
 13624 | D:10     | Gained mutation: Your translucent skin slightly reduces
                  | your foes' accuracy. (Stealth+) [Jiyva's grace]
 13624 | D:10     | Gained mutation: Your translucent skin reduces your foes'
                  | accuracy. (Stealth+) [Jiyva's grace]
 13624 | D:10     | Gained mutation: Your transparent skin significantly
                  | reduces your foes' accuracy. (Stealth+) [Jiyva's grace]
 13624 | D:10     | Gained mutation: Your pliable body absorbs attacks. (AC +2,
                  | EV +2) [Jiyva's grace]
 13645 | D:10     | You pick up a book of Lightning and begin reading...
 13645 | D:10     | You add the spells Static Discharge, Vhi's Electric Charge,
                  | Lightning Bolt and Arcjolt to your library.
 13848 | D:11     | You pick up a book of Air and begin reading...
 13848 | D:11     | You add the spells Shock, Swiftness and Airstrike to your
                  | library.
 13903 | D:11     | Reached skill level 5 in Evocations
 14151 | D:11     | Found a runed translucent gate.
 14152 | D:11     | Found a runed translucent gate.
 14153 | D:11     | Found a runed translucent gate.
 14237 | D:11     | Found a staircase to the Orcish Mines.
 14354 | D:11     | Noticed Raultor's ghost (journeyman OpTm)
 14418 | D:11     | Reached skill level 6 in Stealth
 14423 | D:11     | Killed Raultor's ghost
 14613 | Orc:1    | Entered Level 1 of the Orcish Mines
 14677 | Orc:1    | Reached skill level 6 in Evocations
 14689 | Orc:1    | Reached skill level 7 in Stealth
 14824 | Orc:1    | Found Zysaicil's Armour Boutique.
 14941 | Orc:2    | Entered Level 2 of the Orcish Mines
 14941 | Orc:2    | Noticed an orc warlord
 14968 | Orc:1    | Killed an orc warlord
 14969 | Orc:1    | Reached XP level 15. HP: 39/110 MP: 7/16
 15072 | Orc:2    | Reached skill level 7 in Evocations
 15082 | Orc:2    | Found a staircase to the Elven Halls.
 15093 | Orc:2    | Lost mutation: Your transparent skin significantly reduces
                  | your foes' accuracy. (Stealth+) [Jiyva's grace]
 15093 | Orc:2    | Lost mutation: Your translucent skin reduces your foes'
                  | accuracy. (Stealth+) [Jiyva's grace]
 15093 | Orc:2    | Gained mutation: Your body has grown eyes which may confuse
                  | attackers. (Acc +3) [Jiyva's grace]
 15093 | Orc:2    | Gained mutation: Your body has grown many eyes which may
                  | confuse attackers. (Acc +5) [Jiyva's grace]
 15093 | Orc:2    | Gained mutation: Your body is covered in eyes which may
                  | confuse attackers. (Acc +7, SInv) [Jiyva's grace]
 15093 | Orc:2    | Gained mutation: Your spells are a little harder to cast,
                  | but a little more powerful. [Jiyva's grace]
 15204 | Orc:2    | Reached skill level 8 in Evocations
 15236 | Orc:2    | Found Tyscho Fucach's Book Boutique.
 15236 | Orc:2    | Found Jeruss's Armour Emporium.
 15238 | Orc:2    | Found Elyruim's Jewellery Shoppe.
 15240 | Orc:2    | Found Heifita's General Store.
 15577 | Orc:2    | Found Zighein's Weapon Shop.
 15630 | Orc:1    | Reached skill level 9 in Evocations
 15639 | Orc:1    | Noticed Sonja
 15656 | Orc:1    | Killed Sonja
 16004 | Orc:1    | Bought the +8 storm dragon scales of the Equator {+Inv
                  | rElec Regen+ Int+2} for 1502 gold pieces
 16005 | Orc:1    | a - the +8 storm dragon scales of the Equator {+Inv rElec
                  | Regen+ Int+2, rare}
 16016 | Orc:1    | You finish putting on the +8 storm dragon scales of the
                  | Equator {+Inv rElec Regen+ Int+2, rare}.
 16146 | D:12     | Reached skill level 3 in Armour
 16250 | D:12     | Found a portal to a secret trove of treasure.
 16261 | D:12     | This portal proclaims the superiority of the material over
                  | the divine; those who enter it will find they have lost all
                  | favour with their chosen deity. Enter anyway?
 16263 | D:12     | This portal proclaims the superiority of the material over
                  | the divine; those who enter it will find they have lost all
                  | favour with their chosen deity. Enter anyway?
 16264 | Trove    | Entered a treasure trove
 16306 | Trove    | Found the +5 sword of Power {vorpal}
 16326 | Trove    | w - a +2 double sword of holy wrath {longrare=g}
 16335 | Trove    | Identified the +7 double sword of Baleful Expedience
                  | {freeze, rC+ Str+2}
 16336 | Trove    | J - the +7 double sword of Baleful Expedience {freeze, rC+
                  | Str+2, longrare=g}
 16338 | Trove    | L - a +1 double sword of draining {longrare=g}
 16342 | Trove    | You drop a +1 double sword of draining {longrare=g}.
 16361 | Trove    | L - a +3 triple sword of pain {longrare=g}
 16380 | Trove    | M - a +1 double sword of draining {longrare=g}
 16392 | Trove    | N - a +2 vorpal double sword {longrare=g}
 16458 | D:12     | You pick up a book of the Warp and begin reading...
 16458 | D:12     | You add the spells Manifold Assault and Dispersal to your
                  | library.
 16562 | D:12     | the +7 double sword of Baleful Expedience {freeze, rC+
                  | Str+2, longrare=g} glows with a cold blue light!
 16562 | D:12     | J - the +7 double sword of Baleful Expedience (weapon)
                  | {freeze, rC+ Str+2, longrare=g}
 17023 | D:12     | Reached skill level 4 in Armour
 17214 | D:13     | Noticed Josephine
 17228 | D:13     | Killed Josephine
 17326 | D:13     | Reached skill level 5 in Armour
 17371 | D:13     | Reached skill level 15 in Long Blades
 17372 | D:13     | Found the +9 sword of Zonguldrok {reap}
 17372 | D:13     | Noticed a bone dragon
 17396 | D:13     | Killed a bone dragon
 17397 | D:13     | Reached skill level 6 in Armour
 17404 | D:13     | the +7 double sword of Baleful Expedience {freeze, rC+
                  | Str+2, longrare=g} stops glowing.
 17471 | D:13     | Found a gate to the Vaults.
 17626 | D:13     | Reached skill level 7 in Armour
 17895 | D:13     | Reached XP level 16. HP: 96/116 MP: 14/17
 17973 | D:13     | Found Sosur's Jewellery Shop.
 18343 | D:14     | Reached skill level 8 in Armour
 18367 | D:14     | Found a frozen archway.
 18376 | IceCv    | Entered an ice cave
 18406 | IceCv    | Reached skill level 16 in Long Blades
 18805 | IceCv    | Reached skill level 9 in Armour
 19147 | D:14     | Lost mutation: You are robust. (+10% HP) [Jiyva's grace]
 19147 | D:14     | Lost mutation: Your body is covered in eyes which may
                  | confuse attackers. (Acc +7, SInv) [Jiyva's grace]
 19147 | D:14     | Lost mutation: Your body has grown many eyes which may
                  | confuse attackers. (Acc +5) [Jiyva's grace]
 19147 | D:14     | Lost mutation: Your pliable body absorbs attacks. (AC +2,
                  | EV +2) [Jiyva's grace]
 19147 | D:14     | Lost mutation: Your rubbery body absorbs attacks. (AC +1,
                  | EV +1) [Jiyva's grace]
 19147 | D:14     | Lost mutation: Armour fits poorly on your large pseudopods.
                  | [Jiyva's grace]
 19147 | D:14     | Lost mutation: Armour fits poorly on your pseudopods.
                  | [Jiyva's grace]
 19147 | D:14     | Lost mutation: Your translucent skin slightly reduces your
                  | foes' accuracy. (Stealth+) [Jiyva's grace]
 19147 | D:14     | Gained mutation: You are robust. (+10% HP) [Jiyva's grace]
 19147 | D:14     | Gained mutation: You are very robust. (+20% HP) [Jiyva's
                  | grace]
 19147 | D:14     | Gained mutation: You are extremely robust. (+30% HP)
                  | [Jiyva's grace]
 19147 | D:14     | Gained mutation: Your body has grown many eyes which may
                  | confuse attackers. (Acc +5) [Jiyva's grace]
 19498 | D:15     | Entered Level 15 of the Dungeon
 19549 | D:15     | Reached skill level 10 in Armour
 19612 | D:15     | Found a staircase to the Depths.
 19771 | D:15     | Reached skill level 17 in Long Blades
 19866 | D:15     | Noticed Jorgrun
 19874 | D:15     | Slimified Jorgrun
 19874 | D:15     | Jorgrun changed into Jorgrun the azure jelly
 19874 | D:15     | Noticed Jorgrun
 20000 | D:15     | Found Jiebrog's Jewellery Boutique.
 20694 | Orc:2    | Bought the +3 pair of gloves of Polish {Dex+2} for 337 gold
                  | pieces
 20910 | Snake:1  | Entered Level 1 of the Snake Pit
 20928 | Snake:1  | You pick up a book of Air and begin reading...
 21051 | Snake:1  | Reached skill level 11 in Armour
 21064 | Snake:1  | Identified the +7 great sword of Ascent {venom, rF+ Int+3
                  | Dex+4}
 21248 | Snake:1  | Noticed a nagaraja
 21249 | Snake:1  | Noticed a nagaraja
 21286 | Snake:1  | You drop a +2 double sword of holy wrath {longrare=g}.
 21287 | Snake:1  | You drop the +7 double sword of Baleful Expedience {freeze,
                  | rC+ Str+2, longrare=g}.
 21288 | Snake:1  | You drop a +1 double sword of draining {longrare=g}.
 21289 | Snake:1  | You drop a +2 vorpal double sword {longrare=g}.
 21295 | Snake:1  | N - a +2 vorpal double sword {longrare=g}
 21295 | Snake:1  | M - a +1 double sword of draining {longrare=g}
 21295 | Snake:1  | J - the +7 double sword of Baleful Expedience {freeze, rC+
                  | Str+2, longrare=g}
 21295 | Snake:1  | w - a +2 double sword of holy wrath {longrare=g}
 21297 | Snake:1  | You drop a +2 double sword of holy wrath {longrare=g}.
 21298 | Snake:1  | You drop the +7 double sword of Baleful Expedience {freeze,
                  | rC+ Str+2, longrare=g}.
 21299 | Snake:1  | You drop a +1 double sword of draining {longrare=g}.
 21300 | Snake:1  | You drop a +2 vorpal double sword {longrare=g}.
 21312 | Snake:1  | Noticed a nagaraja
 21313 | Snake:1  | Found a radiant altar of Vehumet.
 21317 | Snake:1  | Found a transporter.
 21317 | Snake:1  | Noticed a nagaraja
 21332 | Snake:1  | Slimified a nagaraja
 21332 | Snake:1  | a nagaraja changed into an azure jelly
 21332 | Snake:1  | Noticed an azure jelly
 21336 | Snake:1  | Killed a nagaraja
 21341 | Snake:1  | Killed an azure jelly
 21347 | Snake:1  | Reached XP level 17. HP: 118/144 MP: 14/18
 21415 | Snake:1  | You pick up a book of Burglary and begin reading...
 21415 | Snake:1  | You add the spells Passwall and Ensorcelled Hibernation to
                  | your library.
 21417 | Snake:1  | You pick up a book of Hexes and begin reading...
 21417 | Snake:1  | You add the spells Inner Flame and Cause Fear to your
                  | library.
 21419 | Snake:1  | You add the spells Blink and Storm Form to your library.
 21443 | Snake:1  | You pick up a book of Death and begin reading...
 21443 | Snake:1  | You add the spells Animate Dead, Haunt and Infestation to
                  | your library.
 21449 | Snake:1  | Found a transporter.
 21528 | Snake:1  | N - a +2 vorpal double sword {longrare=g}
 21528 | Snake:1  | M - a +1 double sword of draining {longrare=g}
 21528 | Snake:1  | J - the +7 double sword of Baleful Expedience {freeze, rC+
                  | Str+2, longrare=g}
 21528 | Snake:1  | k - a +2 double sword of holy wrath {longrare=g}
 21616 | Snake:1  | Reached skill level 12 in Armour
 21904 | Snake:1  | Found Qusemaps's Jewellery Shoppe.
 21950 | Snake:1  | You are sucked into a shaft and drop 1 floor!
 21959 | Snake:1  | You drop a +2 double sword of holy wrath {longrare=g}.
 21960 | Snake:1  | You drop the +7 double sword of Baleful Expedience {freeze,
                  | rC+ Str+2, longrare=g}.
 21961 | Snake:1  | You drop a +1 double sword of draining {longrare=g}.
 21962 | Snake:1  | You drop a +2 vorpal double sword {longrare=g}.
 21973 | Snake:2  | Found Wefog's Assorted Antiques.
 21978 | Snake:2  | Identified the +7 dagger "Xobok" {vorpal, Contam rF+ rCorr
                  | Stlth+}
 22001 | Snake:2  | Found a runed translucent gate.
 22001 | Snake:2  | Found a runed translucent gate.
 22001 | Snake:2  | Found a runed translucent gate.
 22009 | Snake:2  | Noticed Kicir's ghost (adept GnFi)
 22009 | Snake:2  | Noticed Caluu's ghost (journeyman MiBe)
 22009 | Snake:2  | Noticed Kicir's ghost (adept GnFi)
 22033 | Snake:2  | Found Fobbifut's Armour Boutique.
 22035 | Snake:2  | Found Xuq Lyux's Antique Weapon Shop.
 22037 | Snake:2  | You pick up a book of Weapons and begin reading...
 22037 | Snake:2  | You add the spells Tukima's Dance, Portal Projectile and
                  | Blade Hands to your library.
 22181 | Snake:2  | Reached skill level 15 in Fighting
 22665 | Snake:3  | You pick up a book of Conjurations {@e2} and begin
                  | reading...
 22665 | Snake:3  | You add the spells Magic Dart, Searing Ray and Fulminant
                  | Prism to your library.
 22690 | Snake:3  | Reached skill level 13 in Armour
 22699 | Snake:3  | Lost mutation: You are extremely robust. (+30% HP) [Jiyva's
                  | grace]
 22699 | Snake:3  | Lost mutation: You are very robust. (+20% HP) [Jiyva's
                  | grace]
 22699 | Snake:3  | Gained mutation: Your body is covered in eyes which may
                  | confuse attackers. (Acc +7, SInv) [Jiyva's grace]
 22699 | Snake:3  | Gained mutation: You possess an exceptional clarity of
                  | mind. [Jiyva's grace]
 22699 | Snake:3  | Gained mutation: Your system is resistant to poisons.
                  | (rPois) [Jiyva's grace]
 22699 | Snake:3  | Gained mutation: Armour fits poorly on your pseudopods.
                  | [Jiyva's grace]
 23011 | Snake:3  | You add the spells Kindle Blastsparks, Ignite Poison and
                  | Freezing Cloud to your library.
 23015 | Snake:3  | You pick up a book of the Senses and begin reading...
 23015 | Snake:3  | You add the spells Dazzling Flash, Agony and Silence to
                  | your library.
 23093 | Snake:3  | Reached skill level 16 in Fighting
 23093 | Snake:3  | Reached skill level 14 in Armour
 23108 | Snake:3  | You pick up a book of Blasting and begin reading...
 23108 | Snake:3  | You add the spells Iskenderun's Mystic Blast and Lee's
                  | Rapid Deconstruction to your library.
 23109 | Snake:3  | Identified the +1 plate armour of the Sky {rElec Str+7
                  | Int+4}
 23341 | Snake:4  | Entered Level 4 of the Snake Pit
 23576 | Snake:4  | Reached XP level 18. HP: 132/132 MP: 19/19
 23629 | Snake:4  | Found a transporter.
 23697 | Snake:4  | Found a transporter.
 23706 | Snake:4  | Found a transporter.
 23843 | Snake:4  | HP: 25/134 [nagaraja/+0 spear (14)]
 23848 | Snake:4  | HP: 31/134 [poisoned by a nagaraja (splash of poison)]
 23937 | Snake:4  | Noticed Vashnia
 23973 | Snake:4  | Slimified Vashnia
 23973 | Snake:4  | Vashnia changed into Vashnia the azure jelly
 23973 | Snake:4  | Noticed Vashnia
 24027 | Snake:4  | Found a transporter.
 24029 | Snake:4  | Found a transporter.
 24029 | Snake:4  | Found a transporter.
 24031 | Snake:4  | Reached skill level 6 in Shields
 24196 | Snake:4  | Lost mutation: You are partially covered in iridescent
                  | scales. (AC +2) [Jiyva's grace]
 24196 | Snake:4  | Lost mutation: You have a somewhat thin skeletal structure.
                  | (Dex +2, Stealth+) [Jiyva's grace]
 24196 | Snake:4  | Lost mutation: You are robust. (+10% HP) [Jiyva's grace]
 24196 | Snake:4  | Gained mutation: You are partially covered in iridescent
                  | scales. (AC +2) [Jiyva's grace]
 24196 | Snake:4  | Gained mutation: You are mostly covered in iridescent
                  | scales. (AC +4) [Jiyva's grace]
 24196 | Snake:4  | Gained mutation: You are completely covered in iridescent
                  | scales. (AC +6) [Jiyva's grace]
 24196 | Snake:4  | Gained mutation: Your melee attacks may engulf your foes in
                  | ooze. [Jiyva's grace]
 24288 | Snake:4  | Reached skill level 7 in Shields
 24369 | Snake:4  | Got a serpentine rune of Zot
 24519 | Shoals:1 | Entered Level 1 of the Shoals
 24557 | Shoals:1 | magus.rc [v1.9.6]
 24633 | Shoals:1 | Reached skill level 8 in Shields
 24686 | Shoals:2 | Identified a scroll of acquirement
 24687 | Shoals:2 | Acquired the ring "Asoguica" {rF++ AC+4 Int-3 Dex+4 Stlth+}
 24778 | Shoals:2 | Reached skill level 9 in Shields
 24809 | Shoals:2 | Found an ornate altar of the Wu Jian Council.
 24824 | Shoals:3 | Noticed Ilsuiw
 24943 | Shoals:3 | Killed Ilsuiw
 24944 | Shoals:3 | Reached skill level 10 in Shields
 24971 | Shoals:4 | Entered Level 4 of the Shoals
 25081 | Shoals:4 | Got a barnacled rune of Zot
 25091 | Shoals:4 | Reached skill level 11 in Shields
 25427 | Shoals:4 | Reached skill level 12 in Shields
 25458 | Shoals:4 | Identified the +7 chain mail of the Pit {Rampage rPois
                  | Regen+ Int-2}
 25476 | Shoals:4 | Reached XP level 19. HP: 127/127 MP: 20/20
 25672 | Shoals:4 | Lost mutation: You are completely covered in iridescent
                  | scales. (AC +6) [Jiyva's grace]
 25672 | Shoals:4 | Lost mutation: Your flesh is cold resistant. (rC+) [Jiyva's
                  | grace]
 25672 | Shoals:4 | Lost mutation: Your body is covered in eyes which may
                  | confuse attackers. (Acc +7, SInv) [Jiyva's grace]
 25672 | Shoals:4 | Lost mutation: Your body has grown many eyes which may
                  | confuse attackers. (Acc +5) [Jiyva's grace]
 25672 | Shoals:4 | Lost mutation: Armour fits poorly on your pseudopods.
                  | [Jiyva's grace]
 25672 | Shoals:4 | Lost mutation: You have hidden genetic potential. [Jiyva's
                  | grace]
 25672 | Shoals:4 | Gained mutation: Your rubbery body absorbs attacks. (AC +1,
                  | EV +1) [Jiyva's grace]
 25672 | Shoals:4 | Gained mutation: Your pliable body absorbs attacks. (AC +2,
                  | EV +2) [Jiyva's grace]
 25672 | Shoals:4 | Gained mutation: Your gelatinous body deflects attacks. (AC
                  | +3, EV +3) [Jiyva's grace]
 25672 | Shoals:4 | Gained mutation: Your movements are slightly less
                  | encumbered by armour. (ER -2) [Jiyva's grace]
 25757 | Shoals:4 | Reached skill level 13 in Shields
 26134 | Shoals:1 | Reached skill level 14 in Shields
 26692 | Vaults:1 | Entered Level 1 of the Vaults
 26941 | Vaults:1 | Reached skill level 15 in Shields
 26994 | Vaults:1 | Found a transporter.
 26995 | Vaults:1 | Noticed Uquewn Suowu's ghost (veteran GnWr)
 26997 | Vaults:1 | Found a bloodstained altar of Trog.
 27007 | Vaults:1 | Found a transporter.
 27197 | Vaults:1 | Reached skill level 16 in Shields
 27317 | Vaults:1 | magus.rc [v1.9.6]
 27619 | Snake:1  | N - a +2 vorpal double sword {longrare=g}
 27619 | Snake:1  | V - a +1 double sword of draining {longrare=g}
 27619 | Snake:1  | X - the +7 double sword of Baleful Expedience {freeze, rC+
                  | Str+2, longrare=g}
 27619 | Snake:1  | Y - a +2 double sword of holy wrath {longrare=g}
 27620 | Snake:1  | You drop a +2 vorpal double sword {longrare=g}.
 27621 | Snake:1  | You drop a +1 double sword of draining {longrare=g}.
 27622 | Snake:1  | You drop a +2 double sword of holy wrath {longrare=g}.
 27624 | Snake:1  | the +7 double sword of Baleful Expedience {freeze, rC+
                  | Str+2, longrare=g} glows with a cold blue light!
 27624 | Snake:1  | X - the +7 double sword of Baleful Expedience (weapon)
                  | {freeze, rC+ Str+2, longrare=g}
 27944 | Vaults:2 | Your damage rating with the +7 double sword of Baleful
                  | Expedience {freeze, rC+ Str+2, longrare=g} is about 43
                  | (Base 15 x 140% (Dex) x 172% (Skill) + 7 (Ench)) + Freeze.
 27973 | Vaults:2 | Found a large runed translucent door.
 27973 | Vaults:2 | Found a large runed translucent door.
 27973 | Vaults:2 | Found a large runed translucent door.
 27973 | Vaults:2 | Found a large runed translucent door.
 27974 | Vaults:2 | Found a large runed translucent door.
 27974 | Vaults:2 | Found a large runed translucent door.
 27974 | Vaults:2 | Found a large runed translucent door.
 27974 | Vaults:2 | Found a large runed translucent door.
 27974 | Vaults:2 | Noticed Ciotsan's ghost (adept FeIE)
 27998 | Vaults:2 | Your damage rating with the +7 double sword of Baleful
                  | Expedience {freeze, rC+ Str+2, longrare=g} is about 43
                  | (Base 15 x 140% (Dex) x 172% (Skill) + 7 (Ench)) + Freeze.
 28004 | Vaults:2 | Reached XP level 20. HP: 132/132 MP: 21/21
 28042 | Vaults:2 | Reached skill level 18 in Long Blades
 28063 | Vaults:2 | Reached skill level 17 in Fighting
 28214 | Vaults:2 | Lost mutation: You are mostly covered in iridescent scales.
                  | (AC +4) [Jiyva's grace]
 28214 | Vaults:2 | Lost mutation: Your system is resistant to poisons. (rPois)
                  | [Jiyva's grace]
 28214 | Vaults:2 | Lost mutation: Your spells are a little harder to cast, but
                  | a little more powerful. [Jiyva's grace]
 28214 | Vaults:2 | Lost mutation: Your gelatinous body deflects attacks. (AC
                  | +3, EV +3) [Jiyva's grace]
 28214 | Vaults:2 | Gained mutation: You are strong-willed. (Will+) [Jiyva's
                  | grace]
 28214 | Vaults:2 | Gained mutation: You are highly strong-willed. (Will++)
                  | [Jiyva's grace]
 28214 | Vaults:2 | Gained mutation: You are extremely strong-willed. (Will+++)
                  | [Jiyva's grace]
 28214 | Vaults:2 | Gained mutation: Armour fits poorly on your pseudopods.
                  | [Jiyva's grace]
 28263 | Vaults:2 | Noticed Xtahua
 28274 | Vaults:2 | Killed Xtahua
 28295 | Vaults:2 | You pick up a book of the Dragon and begin reading...
 28295 | Vaults:2 | You add the spells Dragon Form and Dragon's Call to your
                  | library.
 28393 | Vaults:2 | Noticed Jory
 28410 | Vaults:2 | Killed Jory
 28821 | Vaults:2 | Found a staircase to the Crypt.
 29073 | Vaults:2 | Your damage rating with the +7 double sword of Baleful
                  | Expedience {freeze, rC+ Str+2, longrare=g} is about 44
                  | (Base 15 x 140% (Dex) x 177% (Skill) + 7 (Ench)) + Freeze.
 29145 | Vaults:2 | Reached skill level 19 in Long Blades
 29149 | Vaults:2 | Killed Ciotsan's ghost
 29170 | Vaults:2 | magus.rc [v1.9.6]
 29272 | Vaults:2 | Identified the amulet "Cexan" {RegenMP rCorr}
 29344 | Vaults:3 | magus.rc [v1.9.6]
 29490 | Vaults:3 | Found a crumbling gateway.
 29527 | Vaults:3 | Found a glowing golden altar of the Shining One.
 29527 | Vaults:3 | Found a white marble altar of Elyvilon.
 29528 | Vaults:3 | Found a glowing silver altar of Zin.
 29538 | Desolati | Entered the Desolation of Salt
 29557 | Desolati | Your damage rating with the +7 double sword of Baleful
                  | Expedience {freeze, rC+ Str+2, longrare=g} is about 44
                  | (Base 15 x 140% (Dex) x 179% (Skill) + 7 (Ench)) + Freeze.
 29564 | Desolati | Reached skill level 18 in Fighting
 29648 | Desolati | Reached skill level 8 in Stealth
 29769 | Desolati | Reached skill level 9 in Stealth
 29795 | Desolati | You add the spells Sandblast and Animate Armour to your
                  | library.
 29795 | Desolati | Got the Secrets of Earth
 29796 | Desolati | Identified the +5 ring mail "Cidwani" {Regen+ Int+2 Dex-2}
 29859 | Desolati | Identified the ring "Ebbiep" {+Blink rF- rC+ Int+6 Stlth+}
 29889 | Desolati | Reached skill level 10 in Stealth
 29893 | Desolati | Identified the amulet "Votenych" {Acrobat +Inv rC+++ Regen+
                  | Stlth-}
 29931 | Desolati | Reached XP level 21. HP: 124/142 MP: 22/22
 29931 | Desolati | Your damage rating with the +7 double sword of Baleful
                  | Expedience {freeze, rC+ Str+2, longrare=g} is about 46
                  | (Base 15 x 145% (Dex) x 180% (Skill) + 7 (Ench)) + Freeze.
 29978 | Desolati | Found the +3 pair of seven-league boots {Rampage+∞}
 29992 | Desolati | Identified the +4 long sword of the Riding Gods {speed, rF+
                  | rC- Will+}
 29996 | Desolati | Got Mavuj's Papyrus of Grit
 30128 | Vaults:3 | Reached skill level 11 in Stealth
 30144 | Vaults:3 | You pick up a book of Sloth and begin reading...
 30222 | Vaults:3 | Lost mutation: You are extremely strong-willed. (Will+++)
                  | [Jiyva's grace]
 30222 | Vaults:3 | Lost mutation: You are highly strong-willed. (Will++)
                  | [Jiyva's grace]
 30222 | Vaults:3 | Lost mutation: Your melee attacks may engulf your foes in
                  | ooze. [Jiyva's grace]
 30222 | Vaults:3 | Gained mutation: You have supernaturally acute eyesight.
                  | (SInv) [Jiyva's grace]
 30222 | Vaults:3 | Gained mutation: Your flesh is heat resistant. (rF+)
                  | [Jiyva's grace]
 30222 | Vaults:3 | Gained mutation: Your flesh is very heat resistant. (rF++)
                  | [Jiyva's grace]
 30222 | Vaults:3 | Gained mutation: Your flesh is almost immune to the effects
                  | of heat. (rF+++) [Jiyva's grace]
 30333 | Vaults:3 | Reached skill level 12 in Stealth
 30439 | Vaults:3 | Reached skill level 19 in Fighting
 31177 | Vaults:4 | Reached skill level 20 in Fighting
 31244 | Vaults:4 | Your damage rating with the +7 double sword of Baleful
                  | Expedience {freeze, rC+ Str+2, longrare=g} is about 47
                  | (Base 15 x 145% (Dex) x 184% (Skill) + 7 (Ench)) + Freeze.
 31418 | Vaults:4 | Reached skill level 16 in Dodging
 31874 | Vaults:4 | a vault guard comes into view. It is wielding the +9 staff
                  | of Wucad Mu {*channel}.
 31878 | Vaults:4 | Here: a vault guard, wielding the +9 staff of Wucad Mu
                  | {*channel} and wearing a +0 plate armour
 31985 | Vaults:4 | You pick up a book of the Tundra and begin reading...
 31985 | Vaults:4 | You add the spells Hailstorm, Ice Form and Simulacrum to
                  | your library.
 32038 | Vaults:4 | Reached skill level 17 in Dodging
 32059 | Vaults:4 | Noticed a dread lich
 32069 | Vaults:4 | an ironbound preserver comes into view. It is wielding the
                  | +8 demon blade "Leech" {vamp, Harm Drain rN+}.
 32083 | Vaults:4 | Killed a dread lich
 32098 | Vaults:4 | Reached XP level 22. HP: 137/152 MP: 23/23
 32136 | Vaults:4 | Reached skill level 18 in Dodging
 32378 | Vaults:5 | Entered Level 5 of the Vaults
 32419 | Vaults:5 | Reached skill level 19 in Dodging
 32450 | Vaults:5 | Lost mutation: You possess an exceptional clarity of mind.
                  | [Jiyva's grace]
 32450 | Vaults:5 | Lost mutation: Your flesh is almost immune to the effects
                  | of heat. (rF+++) [Jiyva's grace]
 32450 | Vaults:5 | Lost mutation: Your pliable body absorbs attacks. (AC +2,
                  | EV +2) [Jiyva's grace]
 32450 | Vaults:5 | Lost mutation: Your rubbery body absorbs attacks. (AC +1,
                  | EV +1) [Jiyva's grace]
 32450 | Vaults:5 | Gained mutation: You passively map a small area around you.
                  | [Jiyva's grace]
 32450 | Vaults:5 | Gained mutation: You passively map the area around you.
                  | [Jiyva's grace]
 32450 | Vaults:5 | Gained mutation: You passively map a large area around you.
                  | [Jiyva's grace]
 32450 | Vaults:5 | Gained mutation: You have a small jelly attached to you
                  | that senses nearby items. [Jiyva's grace]
 32583 | Vaults:5 | Reached skill level 20 in Dodging
 32599 | Vaults:5 | You pick up a book of Spatial Translocations and begin
                  | reading...
 32599 | Vaults:5 | You add the spells Momentum Strike and Lesser Beckoning to
                  | your library.
 32636 | Vaults:5 | You pick up a book of Changes and begin reading...
 32636 | Vaults:5 | You add the spells Beastly Appendage, Wereblood and Spider
                  | Form to your library.
 32805 | Vaults:5 | Noticed a dread lich
 32825 | Vaults:5 | Killed a dread lich
 32826 | Vaults:5 | Reached skill level 21 in Dodging
 32963 | Vaults:5 | +0 shadow dragon scales {rare}; a shadow dragon corpse
 33009 | Vaults:5 | You pick up a book of Callings and begin reading...
 33009 | Vaults:5 | You add the spells Summon Small Mammal, Call Canine
                  | Familiar and Summon Guardian Golem to your library.
 33011 | Vaults:5 | Got a silver rune of Zot
 33016 | Vaults:5 | Identified the +10 plate armour of the Ladybird {rF- Dex+8
                  | Stlth+}
 33067 | Vaults:5 | You add the spells Borgnjor's Revivification, Necromutation
                  | and Death's Door to your library.
 33189 | Vaults:5 | You add the spells Slow and Necrotise to your library.
 33189 | Vaults:5 | Got the Discourse on Charms and Left-Handed Liturgies
 33194 | Vaults:5 | Identified the +1 arbalest of Demonkind {drain, Int+4}
 33234 | Vaults:5 | Reached XP level 23. HP: 156/156 MP: 24/24
 33279 | Vaults:5 | Reached skill level 22 in Dodging
 33284 | Vaults:5 | Identified the +1 robe "Cegagim" {Will+ Str+3 Int+2}
 33604 | Elf:1    | Entered Level 1 of the Elven Halls
 33694 | Elf:1    | Paralysed by an air elemental for 1 turns
 33828 | Elf:1    | Found a magical portal.
 33832 | WizLab   | Entered Maxwell's Workshop
 33922 | WizLab   | Identified the ring "Fuvialu" {Fire rElec Will+ Int-5
                  | Dex+4}
 33930 | WizLab   | Identified the ring "Qeishiul" {Fire rN+}
 34090 | WizLab   | Reached skill level 23 in Dodging
 34202 | WizLab   | Identified the amulet "Awome" {Spirit Regen+ Stlth+}
 34216 | WizLab   | Identified the +6 mace "Arbiter" {freeze, Will+ Str+2}
 34233 | WizLab   | Noticed an electric golem
 34269 | WizLab   | Killed an electric golem
 34298 | WizLab   | Identified the +6 glaive of Indomitability {protect, rF+
                  | Str+2 Dex+3 SInv}
 35192 | Depths:1 | Entered Level 1 of the Depths
 35235 | Depths:1 | Found a transporter.
 35241 | Depths:1 | Found a transporter.
 35261 | Depths:1 | Found a transporter.
 35274 | Depths:1 | Lost mutation: You have supernaturally acute eyesight.
                  | (SInv) [Jiyva's grace]
 35274 | Depths:1 | Gained mutation: You are highly strong-willed. (Will++)
                  | [Jiyva's grace]
 35274 | Depths:1 | Gained mutation: You are extremely strong-willed. (Will+++)
                  | [Jiyva's grace]
 35274 | Depths:1 | Gained mutation: You are mostly covered in iridescent
                  | scales. (AC +4) [Jiyva's grace]
 35274 | Depths:1 | Gained mutation: You are completely covered in iridescent
                  | scales. (AC +6) [Jiyva's grace]
 35317 | Depths:1 | Reached skill level 15 in Armour
 35346 | Depths:1 | Found a transporter.
 35609 | Depths:1 | Found a gateway to Hell.
 35609 | Depths:1 | Noticed Margery
 35638 | Depths:1 | Killed Margery
 35679 | Depths:1 | o - +1 storm dragon scales {rare}
 35858 | Depths:1 | Noticed Bai Suzhen
 35873 | Depths:1 | Killed Bai Suzhen
 35959 | Depths:1 | Reached skill level 16 in Armour
 36346 | Depths:2 | Found a white marble altar of Elyvilon.
 36348 | Depths:2 | Found Cuipt's Hallowed Reliquary.
 36357 | Depths:2 | Found a one-way gate leading to the halls of Pandemonium.
 36360 | Depths:2 | Bought a potion of heal wounds for 85 gold pieces
 36525 | Depths:2 | Reached skill level 17 in Armour
 36899 | Depths:2 | Reached XP level 24. HP: 163/163 MP: 24/24
 36900 | Depths:2 | Noticed a curse skull
 36925 | Depths:2 | Found a runed door.
 37003 | Depths:2 | Lost mutation: You are extremely strong-willed. (Will+++)
                  | [Jiyva's grace]
 37003 | Depths:2 | Lost mutation: You are highly strong-willed. (Will++)
                  | [Jiyva's grace]
 37003 | Depths:2 | Lost mutation: Your movements are slightly less encumbered
                  | by armour. (ER -2) [Jiyva's grace]
 37003 | Depths:2 | Gained mutation: Your rubbery body absorbs attacks. (AC +1,
                  | EV +1) [Jiyva's grace]
 37003 | Depths:2 | Gained mutation: Your pliable body absorbs attacks. (AC +2,
                  | EV +2) [Jiyva's grace]
 37003 | Depths:2 | Gained mutation: Your gelatinous body deflects attacks. (AC
                  | +3, EV +3) [Jiyva's grace]
 37003 | Depths:2 | Gained mutation: Armour fits poorly on your large
                  | pseudopods. [Jiyva's grace]
 37106 | Depths:2 | Reached skill level 18 in Armour
 37123 | Depths:2 | Killed a curse skull
 37223 | Depths:2 | Noticed a dread lich
 37224 | Depths:2 | Noticed an ancient lich
 37234 | Depths:2 | Killed an ancient lich
 37252 | Depths:2 | Killed a dread lich
 37272 | Depths:2 | Got Sif Muna's Catalogue of the Assembled Stinger
 37378 | Depths:3 | Found Oxyvicog's Magic Scroll Emporium.
 37411 | Depths:3 | Reached skill level 19 in Armour
 37445 | Depths:3 | +0 shadow dragon scales {rare}; a shadow dragon corpse
 37445 | Depths:3 | +0 shadow dragon scales {rare}; a shadow dragon corpse
 37445 | Depths:3 | Could not pick up +0 shadow dragon scales {rare} here;
                  | ([A]lways) ignore it?
 37445 | Depths:3 | Could not pick up +0 shadow dragon scales {rare} here;
                  | ([A]lways) ignore it?
 37445 | Depths:3 | Could not pick up +0 shadow dragon scales {rare} here;
                  | ([A]lways) ignore it?
 37462 | Depths:3 | Found a sacrificial altar of Ru.
 37518 | Depths:3 | You drop +1 storm dragon scales {rare}.
 37522 | Depths:3 | Found a one-way gate to the infinite horrors of the Abyss.
 37666 | Depths:3 | Found a glowing golden altar of the Shining One.
 37887 | Depths:3 | Found a transporter.
 37895 | Depths:3 | Found a transporter.
 37900 | Depths:3 | Found a runed translucent door.
 37900 | Depths:3 | Found a bloodstained altar of Trog.
 37900 | Depths:3 | Found the +8 Wrath of Trog {antimagic, *Rage Rampage}
 37902 | Depths:3 | Noticed a juggernaut
 37976 | Depths:3 | Killed a juggernaut
 38034 | Depths:4 | Entered Level 4 of the Depths
 38045 | Depths:4 | Found a one-way gateway to a ziggurat.
 38226 | Depths:4 | Reached skill level 20 in Armour
 38254 | Depths:4 | Found a gate to the Realm of Zot.
 38540 | Depths:4 | Identified the ring of the Wicked God {rPois rF+ rC- Will++
                  | Int+2}
 38570 | Depths:3 | Bought a scroll of teleportation for 45 gold pieces
 38570 | Depths:3 | Bought a scroll of teleportation for 45 gold pieces
 38570 | Depths:3 | Bought a scroll of teleportation for 45 gold pieces
 38570 | Depths:3 | Bought a scroll of enchant armour for 112 gold pieces
 38570 | Depths:3 | Bought a scroll of magic mapping for 112 gold pieces
 38570 | Depths:3 | Bought a scroll of fear for 60 gold pieces
 38570 | Depths:3 | Bought a scroll of fear for 60 gold pieces
 38625 | Depths:4 | Reached skill level 20 in Long Blades
 38721 | Depths:4 | Your damage rating with the +7 double sword of Baleful
                  | Expedience {freeze, rC+ Str+2, longrare=g} is about 50
                  | (Base 15 x 155% (Dex) x 186% (Skill) + 7 (Ench)) + Freeze.
 39134 | Zot:1    | Entered Level 1 of the Realm of Zot
 39185 | Zot:1    | Lost mutation: You are strong-willed. (Will+) [Jiyva's
                  | grace]
 39185 | Zot:1    | Lost mutation: Your gelatinous body deflects attacks. (AC
                  | +3, EV +3) [Jiyva's grace]
 39185 | Zot:1    | Lost mutation: Armour fits poorly on your large pseudopods.
                  | [Jiyva's grace]
 39185 | Zot:1    | Gained mutation: Your translucent skin slightly reduces
                  | your foes' accuracy. (Stealth+) [Jiyva's grace]
 39185 | Zot:1    | Gained mutation: Your translucent skin reduces your foes'
                  | accuracy. (Stealth+) [Jiyva's grace]
 39185 | Zot:1    | Gained mutation: Your transparent skin significantly
                  | reduces your foes' accuracy. (Stealth+) [Jiyva's grace]
 39185 | Zot:1    | Gained mutation: Your muscles are strong. (Str +4, Int/Dex
                  | -1) [Jiyva's grace]
 39187 | Zot:1    | Found a runed translucent door.
 39375 | D:15     | Bought the ring "Nuklit" {rElec rC+ Str+4 Int+8 Slay+4} for
                  | 1746 gold pieces
 39577 | Zot:2    | You are sucked into a shaft and drop 1 floor!
 39654 | Zot:3    | Reached skill level 21 in Long Blades
 39816 | Zot:4    | Reached XP level 25. HP: 168/168 MP: 24/24
 39824 | Zot:5    | Entered Level 5 of the Realm of Zot
 39970 | Zot:5    | quicksilver dragon scales {rare}; a quicksilver dragon
                  | corpse
 40205 | Zot:5    | Noticed a curse toe
 40215 | Zot:5    | Reached skill level 22 in Long Blades
 40216 | Zot:5    | Killed a curse toe
 40218 | Zot:5    | Noticed a Killer Klown
 40219 | Zot:5    | Noticed a Killer Klown
 40233 | Zot:5    | Noticed an orb of fire
 40234 | Zot:5    | Noticed an orb of fire
 40234 | Zot:5    | Noticed an electric golem
 40236 | Zot:5    | Noticed an orb of fire
 40245 | Zot:5    | Noticed a Killer Klown
 40262 | Zot:5    | A thick mucus forms on the +7 double sword of Baleful
                  | Expedience {freeze, rC+ Str+2, longrare=g}.
 40273 | Zot:5    | Lost mutation: Your flesh is very heat resistant. (rF++)
                  | [an orb of fire]
 40275 | Zot:5    | Killed an orb of fire
 40327 | Zot:5    | Killed a Killer Klown
 40354 | Zot:5    | Reached skill level 23 in Long Blades
 40356 | Zot:5    | Noticed an electric golem
 40366 | Zot:5    | Killed an electric golem
 40393 | Zot:5    | Killed an electric golem
 40408 | Zot:5    | Noticed a dread lich
 40409 | Zot:5    | Noticed a Killer Klown
 40409 | Zot:5    | Noticed an orb of fire
 40412 | Zot:5    | Noticed a dread lich
 40442 | Zot:5    | Killed an orb of fire
 40445 | Zot:5    | Paralysed by something for 4 turns
 40450 | Zot:5    | Killed a dread lich
 40462 | Zot:5    | Lost mutation: You passively map a large area around you.
                  | [an orb of fire]
 40463 | Zot:5    | Killed an orb of fire
 40484 | Zot:5    | Killed a Killer Klown
 40543 | Zot:5    | Noticed an orb of fire
 40558 | Zot:5    | Killed a Killer Klown
 40559 | Zot:5    | Reached skill level 24 in Long Blades
 40559 | Zot:5    | Gained mutation: You have hidden genetic defects. [an orb
                  | of fire]
 40567 | Zot:5    | Killed an orb of fire
 40574 | Zot:5    | Killed a dread lich
 40621 | Zot:5    | Killed an orb of fire
 40639 | Zot:5    | Killed a Killer Klown
 40646 | Zot:5    | Noticed a Killer Klown
 40674 | Zot:5    | Killed a Killer Klown
 40687 | Zot:5    | Reached skill level 25 in Long Blades
 40695 | Zot:5    | Gained mutation: You have terrible hidden genetic defects.
                  | [hidden defects]
 40704 | Zot:5    | Reached XP level 26. HP: 172/174 MP: 24/24
 40737 | Zot:5    | Got the Orb of Zot
 41246 | D:4      | Noticed Unoeq the pandemonium lord
 41486 | D:$      | Escaped with the Orb!

Vanquished Creatures
  5 dread liches
  5 orbs of fire (Zot:5)
  An ancient lich (Depths:2)
  A juggernaut (Depths:3)
  5 Killer Klowns (Zot:5)
  Margery (Depths:1)
  A curse toe (Zot:5)
  Xtahua (Vaults:2)
  Bai Suzhen (Depths:1)
  A golden dragon (Zot:5)
  Jory (Vaults:2)
  2 bone dragons
  3 electric golems
  14 tentacled monstrosities
  22 Orb Guardians
  3 titans
  A Hell Sentinel (D:12)
  A lich (Depths:2)
  5 quicksilver dragons
  A death cob (Zot:5)
  5 sphinxes
  9 shadow dragons
  Kirke (Lair:3)
  4 tengu reavers (Vaults:5)
  7 storm dragons
  2 draconian monks (Zot:5)
  6 nagarajas
  2 draconian knights
  Ilsuiw (Shoals:3)
  2 frost giants (Depths:4)
  A ghost moth (Zot:3)
  2 deep elf sorcerers
  10 fire giants
  14 vault wardens
  3 draconian scorchers
  An iron dragon (Vaults:5)
  2 imperial myrmidons (Desolation)
  2 draconian shifters
  An orc warlord (Orc:1)
  A cacodemon (D:2)
  2 angels (Vaults:3)
  3 draconian stormcallers
  A curse skull (Depths:2)
  9 draconian annihilators
  16 very ugly things
  9 stone giants
  4 vampire knights
  The ghost of Ciotsan the Gelid, an adept FeIE of Vehumet (Vaults:2)
  23 ironbound preservers
  3 war gargoyles
  4 deep elf demonologists
  9 dire elephants
  10 ironbound thunderhulks
  6 black draconians
  4 white draconians
  2 halazid warlocks (Desolation)
  3 deep elf annihilators
  10 spark wasps
  5 yellow draconians
  7 green draconians
  6 purple draconians
  A minotaur (D:11)
  2 blizzard demons (IceCv)
  3 red draconians (Zot:5)
  4 crystal guardians
  10 merfolk impalers
  15 ettins
  9 merfolk javelineers
  10 fire dragons
  A jiangshi (Vaults:2)
  16 yaktaur captains
  5 deep elf high priests
  10 ragged hierophants (Desolation)
  5 deep elf death magi
  Josephine (D:13)
  6 salamander tyrants
  4 hydras
  10 peacekeepers
  5 servants of whispers (Desolation)
  52 vault guards
  5 ice dragons
  3 spriggan air magi
  9 ironbound frosthearts
  The ghost of Raultor the Transmogrifier, a journeyman OpTm of the Shining One (D:11)
  4 merfolk aquamancers
  16 centaur warriors
  A satyr (Shoals:4)
  4 boulder beetles
  7 dancing weapons (Elf:1)
  4 merfolk avatars
  8 death yaks
  An alligator snapping turtle (Shoals:4)
  3 catoblepae
  8 naga warriors
  12 anacondas
  6 deep troll shamans
  6 deep troll earth magi
  6 two-headed ogres
  7 tengu warriors
  5 shock serpents
  7 spriggan berserkers
  A vampire mage (Depths:1)
  5 naga sharpshooters
  7 hell knights
  Sonja (Orc:1)
  5 soul eaters (Depths:2)
  3 deep elf knights
  An orc high priest (Elf:1)
  5 salamander mystics
  8 iron trolls
  10 sea snakes
  A fire crab (Lair:4)
  A shadow demon (D:2)
  2 flayed ghosts
  4 sixfirhies
  3 anaconda zombies
  6 deep elf archers (Elf:1)
  A kraken simulacrum (Shoals:4)
  A bog body (IceCv)
  13 naga ritualists
  19 ironbound convokers
  An obsidian statue (IceCv)
  8 orc knights
  9 phantasmal warriors
  4 spriggan simulacra (IceCv)
  21 harpies
  60 deep trolls
  8 lindwurms
  6 wizards
  A wolf spider zombie (D:13)
  A frost giant zombie (Depths:1)
  A faun (shapeshifter) (Depths:3)
  34 ugly things
  10 mana vipers
  17 deep elf zephyrmancers
  A shadow dragon skeleton (Vaults:4)
  6 necromancers
  An orc sorcerer (Orc:2)
  17 deep elf pyromancers
  11 salamanders
  A wolf spider (Lair:5)
  9 manticores
  3 fauns (Shoals:1)
  5 cyclopes
  8 elephants (Lair:5)
  6 moths of wrath
  6 merfolk sirens
  34 black mambas
  3 water nymphs
  A shock serpent zombie (Snake:4)
  A molten gargoyle (WizLab)
  3 torpor snails
  11 guardian serpents
  18 vault sentinels
  A stone giant skeleton (Vaults:4)
  12 cane toads
  15 naga magi
  9 gargoyles
  10 centaur skeletons (D:13)
  2 unseen horrors
  Psyche (D:9)
  3 rime drakes
  A yaktaur zombie (Vaults:4)
  A hellion (D:2)
  2 efreet
  7 ice devils (IceCv)
  3 freezing wraiths (IceCv)
  A kobold demonologist (D:12)
  6 komodo dragons
  26 yaktaurs
  3 anaconda simulacra (IceCv)
  A mana viper zombie (Snake:3)
  6 tengu conjurers
  A harpy zombie (Shoals:2)
  2 silent spectres
  7 trolls
  A tengu simulacrum (Vaults:3)
  20 merfolk
  8 polar bears
  11 hornets
  A spriggan zombie (Depths:1)
  5 wind drakes
  39 saltlings (Desolation)
  6 snapping turtles (Shoals:4)
  11 dream sheep
  18 blink frogs
  A sphinx simulacrum (Depths:1)
  A flying skull (Vaults:2)
  An air elemental (Elf:1)
  18 spriggans
  2 black mamba zombies
  A dire elephant simulacrum (IceCv)
  4 wyverns
  A centaur simulacrum (D:14)
  A vampire (D:10)
  19 water elementals
  5 wraiths
  3 basilisks
  55 yaks
  4 fire bats (Depths:1)
  A fire elemental (WizLab)
  6 hogs
  7 redbacks (Depths:1)
  6 vampire mosquitoes
  4 wargs
  15 minotaur simulacra (IceCv)
  38 nagas
  A water nymph zombie (Shoals:2)
  A water moccasin (shapeshifter) (D:13)
  17 water moccasins
  A hydra simulacrum (IceCv)
  43 orc warriors
  2 sky beasts
  3 hornet zombies (D:13)
  2 ice beasts
  5 black bears
  2 ettin simulacra (IceCv)
  A manticore zombie (Shoals:4)
  A black bear (shapeshifter) (D:15)
  2 alligator simulacra (IceCv)
  A merfolk zombie (Shoals:1)
  4 ogres
  6 boggarts
  34 wolves
  27 centaurs
  2 phantoms
  A salamander zombie (Snake:4)
  6 bullfrogs
  5 earth elementals
  3 kobold brigands
  4 human skeletons
  A necrophage (D:7)
  18 scorpions
  7 deep troll simulacra (IceCv)
  A glowing shapeshifter simulacrum (Depths:1)
  11 wights
  5 naga zombies
  6 killer bees
  A lindwurm simulacrum (IceCv)
  2 jellies
  4 electric eels (Lair:5)
  7 centaur zombies
  2 hounds
  12 orc priests
  A gnoll bouda (D:7)
  2 human zombies (Ossuary)
  3 scorpion zombies (Ossuary)
  Jessica (D:2)
  2 iguanas
  Natasha (twice) (D:2)
  9 orc wizards
  7 hell rats (Lair:5)
  2 lightning spires (WizLab)
  Ijyb (D:3)
  A boggart skeleton (D:13)
  3 mummies (Ossuary)
  Robin (D:2)
  12 adders
  10 gnolls
  2 white imps
  3 ufetubi
  A worm (D:4)
  7 dart slugs
  64 orcs
  6 ball pythons
  12 bats
  An endoplasm (D:1)
  3 giant cockroaches (D:1)
  4 gnoll zombies (Ossuary)
  20 goblins
  7 hobgoblins
  11 jackals
  23 kobolds
  5 frilled lizards
  2 goblin zombies (Ossuary)
  2 hobgoblin zombies (Ossuary)
  3 kobold zombies (Ossuary)
  An orc zombie (Ossuary)
  5 rats
1926 creatures vanquished.

Vanquished Creatures (collateral kills)
  2 Orb Guardians (Zot:5)
  A storm dragon (Zot:5)
  2 nagarajas (Snake:4)
  An ironbound preserver (Vaults:1)
  An ironbound thunderhulk (Vaults:1)
  3 dire elephants (Vaults:1)
  A black draconian (Zot:5)
  4 merfolk javelineers
  A merfolk impaler (Shoals:4)
  A yaktaur captain (Vaults:5)
  A vault guard (Vaults:5)
  A centaur warrior (Vaults:1)
  A merfolk avatar (Shoals:4)
  2 naga warriors
  A merfolk aquamancer (Shoals:4)
  A shock serpent (Snake:3)
  A naga sharpshooter (Snake:4)
  A salamander mystic (Snake:1)
  2 sea snakes
  A deep troll (Vaults:1)
  A naga ritualist (Snake:3)
  An ironbound convoker (Vaults:1)
  4 harpies
  4 mana vipers
  2 lindwurms (Vaults:1)
  A cyclops (Shoals:4)
  2 fauns (Shoals:1)
  A manticore (Shoals:1)
  3 salamanders
  A water nymph (Shoals:1)
  4 naga magi
  6 black mambas
  3 yaktaurs (Vaults:1)
  5 merfolk
  2 dream sheep (Shoals:4)
  A snapping turtle (Shoals:4)
  2 yaks (Lair:5)
  2 water elementals (Shoals:4)
  5 nagas
  A boggart (D:13)
  2 orcs (D:15)
82 creatures vanquished.

Vanquished Creatures (others)
  An acid blob (Zot:5)
  An azure jelly (Snake:1)
  A nagaraja (Snake:1)
  A war gargoyle (WizLab)
  A deep elf demonologist (Elf:1)
  4 great orbs of eyes
  A merfolk aquamancer (Shoals:1)
  A naga warrior (Snake:4)
  A deep troll earth mage (Depths:3)
  A salamander mystic (Snake:1)
  A deep troll (Vaults:1)
  2 anaconda zombies
  An eye of devastation (Vaults:4)
  A wizard (Vaults:4)
  A deep elf zephyrmancer (Elf:1)
  A lindwurm (Vaults:1)
  3 naga ritualists
  2 ironbound convokers (Vaults:1)
  2 deep elf pyromancers (Elf:1)
  A harpy (Vaults:2)
  A black mamba (Lair:5)
  A shock serpent zombie (Snake:3)
  4 dire elephant zombies (Vaults:1)
  4 centaur zombies (Vaults:1)
  A naga mage (Snake:1)
  2 vault sentinels (Vaults:3)
  2 sea snake zombies
  3 yaktaurs (Vaults:3)
  A komodo dragon (Lair:3)
  3 harpy zombies
  13 slime creatures
  A meliai (shapeshifter) (Vaults:5)
  2 guardian serpent zombies (Snake:4)
  9 black mamba zombies
  3 humans
  2 faun zombies (Shoals:1)
  A naga (Snake:1)
  A deep troll zombie (Vaults:1)
  4 salamander zombies
  6 merfolk zombies
  A water moccasin (Lair:1)
  3 orc warriors (Orc:2)
  A dream sheep zombie (Shoals:4)
  A lindwurm zombie (Vaults:1)
  2 manticore zombies (Shoals:4)
  A black bear (D:6)
  3 wolves (Lair:5)
  A yaktaur zombie (Vaults:1)
  A bullfrog (shapeshifter) (Vaults:5)
  A bullfrog (D:7)
  173 jellies
  A killer bee (D:10)
  6 human zombies
  An orc priest (Orc:2)
  Natasha (D:2)
  A boggart zombie (Vaults:1)
  12 naga zombies
  An adder (D:3)
  A white imp (D:6)
  A dart slug (D:3)
  7 orcs
  3 endoplasms
  4 goblins
  2 hobgoblins
  A quokka (D:4)
  2 ball pythons
  A hobgoblin zombie (D:2)
  A kobold zombie (Ossuary)
  A rat (D:3)
  A bush (Lair:5)
  79 fungi
  276 plants
  8 tentacles (Shoals:4)
691 creatures vanquished.

Grand Total: 2699 creatures vanquished

Table legend:
 A = Non-vault XP
 B = Vault XP
 C = Vault XP percentage of total XP
 D = Non-vault monster count
 E = Vault monster count
 F = Vault count percentage of total count
                 A         B        C        D         E       F
            +---------+---------+-------+---------+---------+-------
      Total |  499353 |  614882 |  55.2 |    1074 |     916 |  46.0
            +---------+---------+-------+---------+---------+-------
        D:1 |      52 |       0 |   0.0 |      29 |       0 |   0.0
        D:2 |      96 |     111 |  53.6 |      19 |      16 |  45.7
        D:3 |     113 |      64 |  36.2 |      16 |      12 |  42.9
        D:4 |     461 |       0 |   0.0 |      13 |       0 |   0.0
        D:5 |     806 |       0 |   0.0 |      15 |       0 |   0.0
        D:6 |     721 |       0 |   0.0 |      12 |       0 |   0.0
        D:7 |     979 |       0 |   0.0 |      21 |       0 |   0.0
        D:8 |    2307 |     338 |  12.8 |      22 |       1 |   4.3
        D:9 |    1420 |     379 |  21.1 |      10 |       1 |   9.1
       D:10 |    4289 |       0 |   0.0 |      27 |       0 |   0.0
       D:11 |    4062 |    2316 |  36.3 |      10 |       5 |  33.3
       D:12 |    4324 |       0 |   0.0 |      17 |       0 |   0.0
       D:13 |   12964 |   18116 |  58.3 |      22 |      34 |  60.7
       D:14 |    8471 |     734 |   8.0 |      16 |       6 |  27.3
       D:15 |    2638 |    3856 |  59.4 |      11 |       6 |  35.3
     Lair:1 |    3710 |    1375 |  27.0 |      16 |      12 |  42.9
     Lair:2 |    4235 |    1980 |  31.9 |      21 |       8 |  27.6
     Lair:3 |    5428 |    2469 |  31.3 |      26 |       7 |  21.2
     Lair:4 |   11257 |    3005 |  21.1 |      34 |       9 |  20.9
     Lair:5 |   17248 |   11163 |  39.3 |      62 |      49 |  44.1
   Shoals:1 |   13871 |    6953 |  33.4 |      28 |       8 |  22.2
   Shoals:2 |    9828 |     230 |   2.3 |      19 |       2 |   9.5
   Shoals:3 |    6046 |    3850 |  38.9 |      12 |       5 |  29.4
   Shoals:4 |   15439 |   23691 |  60.5 |      38 |      38 |  50.0
    Snake:1 |   15453 |   16348 |  51.4 |      30 |      29 |  49.2
    Snake:2 |    9128 |     997 |   9.8 |      23 |       4 |  14.8
    Snake:3 |   19700 |   13535 |  40.7 |      38 |      22 |  36.7
    Snake:4 |    8458 |   19514 |  69.8 |      17 |      34 |  66.7
      Orc:1 |    3460 |   11209 |  76.4 |      16 |      35 |  68.6
      Orc:2 |    4222 |    4810 |  53.3 |      53 |      35 |  39.8
      Elf:1 |   14747 |    9998 |  40.4 |      27 |      18 |  40.0
   Vaults:1 |   28323 |    9053 |  24.2 |      39 |      14 |  26.4
   Vaults:2 |   30395 |   31180 |  50.6 |      41 |      36 |  46.8
   Vaults:3 |   12211 |   29486 |  70.7 |      14 |      41 |  74.5
   Vaults:4 |   19224 |   61745 |  76.3 |      31 |      65 |  67.7
   Vaults:5 |   17916 |   91277 |  83.6 |      18 |      81 |  81.8
   Depths:1 |   13211 |   10863 |  45.1 |      29 |       9 |  23.7
   Depths:2 |   36470 |   27256 |  42.8 |      46 |      23 |  33.3
   Depths:3 |   17505 |   10689 |  37.9 |      20 |      10 |  33.3
   Depths:4 |   39242 |   16385 |  29.5 |      50 |      15 |  23.1
      Zot:1 |    8905 |       0 |   0.0 |       8 |       0 |   0.0
      Zot:2 |       0 |    1892 | 100.0 |       0 |       1 | 100.0
      Zot:3 |    9960 |       0 |   0.0 |       9 |       0 |   0.0
      Zot:4 |    1583 |     998 |  38.7 |       1 |       1 |  50.0
      Zot:5 |   58475 |   91893 |  61.1 |      48 |      38 |  44.2
    Ossuary |       0 |    1301 | 100.0 |       0 |      34 | 100.0
      IceCv |       0 |   14609 | 100.0 |       0 |      50 | 100.0
     WizLab |       0 |   24995 | 100.0 |       0 |      36 | 100.0
 Desolation |       0 |   34219 | 100.0 |       0 |      66 | 100.0
            +---------+---------+-------+---------+---------+-------

Illustrated notes

Table legend:
 A = Kills in this place as a percentage of kills in entire the game.
 B = Kills by you in this place as a percentage of kills by you in the entire game.
 C = Kills by friends in this place as a percentage of kills by friends in the entire game.
 D = Other kills in this place as a percentage of other kills in the entire game.
 E = Experience gained in this place as a percentage of experience gained in the entire game.
 F = Experience gained in this place divided by the number of levels of this place that you have seen.
                   A       B       C       D       E      F
               +-------+-------+-------+-------+-------+----------------------
         Total | 100.0 | 100.0 | 100.0 | 100.0 | 100.0 | 20448.6
       Dungeon |  17.4 |  18.1 |   3.7 |   4.5 |   6.8 | 5122.2
          Lair |  12.2 |  12.8 |   2.4 |   0.0 |   5.5 | 12374.0
        Shoals |   7.5 |   6.3 |  34.1 |  13.6 |   7.1 | 19977.0
     Snake Pit |   9.9 |   8.5 |  36.6 |  22.7 |   9.2 | 25783.2
  Orcish Mines |   6.9 |   7.2 |   0.0 |   9.1 |   2.1 | 11850.5
   Elven Halls |   2.2 |   2.2 |   0.0 |  13.6 |   2.2 | 24745.0
        Vaults |  19.0 |  19.0 |  18.3 |  22.7 |  29.4 | 66162.0
        Depths |  10.1 |  10.7 |   0.0 |   0.0 |  15.3 | 43089.5
           Zot |   5.4 |   5.4 |   4.9 |   4.5 |  15.7 | 35238.4
       Ossuary |   1.7 |   1.8 |   0.0 |   0.0 |   0.1 | 1301.0
      Ice Cave |   2.5 |   2.6 |   0.0 |   4.5 |   1.3 | 14609.0
        Wizlab |   1.8 |   1.8 |   0.0 |   4.5 |   2.2 | 24995.0
    Desolation |   3.3 |   3.5 |   0.0 |   0.0 |   3.0 | 34219.0
               +-------+-------+-------+-------+-------+----------------------

Table legend: (Time is in decaauts)
 A = Elapsed time spent in this place.
 B = Non-inter-level travel time spent in this place.
 C = Inter-level travel time spent in this place.
 D = Time resting spent in this place.
 E = Time spent auto-exploring this place.
 F = Levels seen in this place.
 G = Mean time per level.
                   A        B        C        D        E       F      G
               +--------+--------+--------+--------+--------+-----+--------+
         Total |  37086 |  32797 |   4289 |    946 |  20280 |  55 |  674.3 |
       Dungeon |  12202 |  10470 |   1732 |    191 |   8171 |  15 |  813.5 |
          Lair |   5709 |   4925 |    784 |    154 |   3164 |   5 | 1141.8 |
        Shoals |   1742 |   1641 |    101 |     36 |    753 |   4 |  435.5 |
     Snake Pit |   3256 |   2967 |    289 |     50 |   1880 |   4 |  814.0 |
    Slime Pits |    197 |    125 |     72 |      0 |     17 |   5 |   39.4 |
  Orcish Mines |   1403 |   1094 |    309 |     45 |    683 |   2 |  701.5 |
   Elven Halls |    784 |    716 |     68 |      0 |    432 |   1 |  784.0 |
        Vaults |   4950 |   4633 |    317 |    288 |   2337 |   5 |  990.0 |
        Depths |   3794 |   3340 |    454 |    120 |   2055 |   4 |  948.5 |
           Zot |   1145 |    984 |    161 |      2 |    197 |   5 |  229.0 |
         Trove |    163 |    163 |      0 |      0 |      0 |   1 |  163.0 |
       Ossuary |    285 |    285 |      0 |      4 |    110 |   1 |  285.0 |
      Ice Cave |    555 |    555 |      0 |     54 |    285 |   1 |  555.0 |
        Wizlab |    481 |    481 |      0 |      0 |    135 |   1 |  481.0 |
    Desolation |    414 |    414 |      0 |      0 |     56 |   1 |  414.0 |
               +--------+--------+--------+--------+--------+-----+--------+

Top non-repeatable levels by time:
  Lair:5: 1501 daAuts
    D:13: 1453 daAuts
Vaults:2: 1306 daAuts
Vaults:4: 1251 daAuts
     D:2: 1174 daAuts
Depths:2: 1117 daAuts
  Lair:3: 1108 daAuts
Depths:4: 1092 daAuts
    D:12: 1071 daAuts
  Lair:2: 1068 daAuts
  Lair:4: 1062 daAuts
Vaults:3: 1056 daAuts
 Snake:1: 1034 daAuts
    D:15: 1013 daAuts
  Lair:1: 968 daAuts
